Workbook
Name Countries: Countries!$A$2:$A$250
Name DevCells: '2. Progress towards outcomes'!#REF!
Name DevCells: #REF!
Name DevRatings: '2. Progress towards outcomes'!#REF!
Name DevRatings: #REF!
Name DevScore: #REF!
Name DevScore: _Calc!$D$20
Name ImpCells: '3. Implementation Progress'!$D$101:$M$103
Name ImpRatings: '3. Implementation Progress'!$D$101:$M$103
Name ImpScore: #REF!
Name ImpScore: _Calc!$D$21
Name NumRating: #REF!
Name NumRating: _Calc!$B$2:$B$9
Name TxtRating: #REF!
Name TxtRating: _Calc!$A$2:$A$9
Name Weights: #REF!
Name Weights: _Calc!$E$14:$I$14
Name Weights2: #REF!
Name Weights2: _Calc!$E$17:$H$17

Sheet Table of Contents
B6: FAO-GEF Project Implementation Report
B7: 2026 – Revised Template
B8: Period covered: 1 July 2025 to 30 June 2026
B9: Table of Contents
B10: =HYPERLINK("#'1. Basic project data'!N10","1. BASIC PROJECT DATA") -> 1. BASIC PROJECT DATA
B11: =HYPERLINK("#'2. Progress towards outcomes'!N11","2. PROGRESS TOWARDS ACHIEVING PROJECT OBJECTIVE(S) (DEVELOPMENT OBJECTIVE)") -> 2. PROGRESS TOWARDS ACHIEVING PROJECT OBJECTIVE(S) (DEVELOPMENT OBJECTIVE) | N11: Progress towards Achieving Project Objective(s) (Development Objective)
B12: =HYPERLINK("#'3. Implementation Progress'!N12","3. IMPLEMENTATION PROGRESS (IP)") -> 3. IMPLEMENTATION PROGRESS (IP) | N12: Implementation Progress (IP)
B13: =HYPERLINK("#'4. Summary on progress'!N13","4. SUMMARY ON PROGRESS AND CHALLENGES") -> 4. SUMMARY ON PROGRESS AND CHALLENGES | N13: Summary on progress, challenges, and outcomes
B14: =HYPERLINK("#'5. ESS Risk'!N14","5.ENVIRONMENTAL AND SOCIAL SAFEGUARDS (ESS):RISKS FROM THE PROJECT") -> 5.ENVIRONMENTAL AND SOCIAL SAFEGUARDS (ESS):RISKS FROM THE PROJECT
B15: =HYPERLINK("#'6. Risks to the project'!N15","6. RISKS TO THE PROJECT") -> 6. RISKS TO THE PROJECT
B16: =HYPERLINK("#'7. Follow-up on Mid-term review'!N16","7. FOLLOW-UP ON MID-TERM REVIEW OR SUPERVISION MISSION") -> 7. FOLLOW-UP ON MID-TERM REVIEW OR SUPERVISION MISSION
B17: =HYPERLINK("#'8. Minor project amendments'!N17","8. MINOR PROJECT AMENDMENTS") -> 8. MINOR PROJECT AMENDMENTS
B18: =HYPERLINK("#'9. Stakeholders' Engagement'!N18","9. STAKEHOLDERS' ENGAGEMENT") -> 9. STAKEHOLDERS' ENGAGEMENT
B19: =HYPERLINK("#'10. Gender Mainstreaming'!N19","10. GENDER MAINSTREAMING") -> 10. GENDER MAINSTREAMING
B20: =HYPERLINK("#'11. Knowledge Management'!N20","11. KNOWLEDGE MANAGEMENT ACTIVITIES") -> 11. KNOWLEDGE MANAGEMENT ACTIVITIES
B21: =HYPERLINK("#'12. Indigenous & Local Involve.'!N21","12. INDIGENOUS PEOPLES AND LOCAL COMMUNITIES INVOLVEMENT") -> 12. INDIGENOUS PEOPLES AND LOCAL COMMUNITIES INVOLVEMENT
B22: =HYPERLINK("#'13. Co-Financing Table'!N22","13. CO-FINANCING TABLE") -> 13. CO-FINANCING TABLE
B23: =HYPERLINK("#'14. GEO Location'!N23","14. GEO LOCATION INFORMATION") -> 14. GEO LOCATION INFORMATION
B29: IMPORTANT DISCLAIMER:
B30: The final version of this PIR will be submitted to the GEF Secretariat.
B31: The report will then be publicly available on the GEF website (click here).
B32: Sensitive information should be submitted in Annex to be uploaded separately.
B33: In such cases, please contact faogef-pir-support@fao.org for guidance.

Sheet 1. Basic project data
B2: 1. Basic Project Data
B3: General Information
B4: Region: | E4: Latin America and the Caribbean (RLC)
B5: Country(ies): | E5: Ecuador
B6: Project Title: | E6: LDN Target-Setting and Restoration of Degraded Landscapes in Western Andes and Coastal areas
B7: FAO Project Symbol: | E7: GCP/ECU/093/GFF
B8: GEF ID: | E8: 10184
B9: Type of Trust Fund(s): | E9: GFF
B10: GEF Focal Area(s): | E10: Land Degradation
B11: Project Executing Partners: | E11: Ministry of Environment and Energy, Ministry of Agriculture, Livestock and Fisheries
B12: Initial project duration (years): | E12: Five (5) years
B13: Project Dates
B14: GEF CEO Endorsement Date: | E14: 44350
B15: Actual Agency Approval Date | E15: 44229
B16: Project Implementation Start Date/EOD: | E16: 44460
B17: First Disbursement Date | E17: 44561
B18: Planned Project End Date/NTE1: | E18: 45909
B19: Revised project implementation End date (if approved)2: | E19: 46752
B20: Actual Completion Date: | E20: n/a
B21: Expected Financial Closure Date: | E21: 47118
B22: Funding
B23: GEF Grant Amount (USD): | E23: 4416210
B24: Total GEF grant delivery (as of June 30, 2026 (USD): | E24: 4279150.9
B25: Total Co-financing amount (USD)3: | E25: ='13. Co-Financing Table'!K21 -> 28328787
B26: Total estimated co-financing materialized as of June 30, 2026: | E26: ='13. Co-Financing Table'!N21 -> 26910227
B27: M & E Milestones
B28: Date of Last Project Steering Committee (PSC) Meeting: | E28: 46118
B29: Expected Mid-term Review date5: | E29: n/a
B30: Actual Mid-term review date (if already completed): | E30: 45756
B31: Expected Terminal Evaluation Date6: | E31: 46265
B32: Overall ratings
B33: Overall rating of progress towards achieving objectives/outcomes (cumulative): | E33: =_xlfn.XLOOKUP(DevScore, NumRating, TxtRating, "Not Rated") -> Satisfactory (S)
B34: Overall implementation progess rating: | E34: =_xlfn.XLOOKUP(DevScore, NumRating, TxtRating, "Not Rated") -> Satisfactory (S)
B35: Overall risk rating: | E35: ='6. Risks to the Project'!C66 -> Moderate
B36: Status
B37: Implementation Status (1st PIR, 2nd PIR, etc. Final PIR): | E37: 4th PIR
B40: 1 Date that was originally foreseen at the project’s operationalization and indicated in FPMIS. 2 If NTE extension has been requested and approved by the FAO-GEF Coordination Unit. 3 This is the total amount of co-financing as included in the CEO Document/Project Document. 4 Please refer to the Section 13 of this report where updated co-financing estimates are requested and indicate the total co-financing amount materialized. 5 The Mid-Term Review (MTR) should take place after the 2nd PIR, around half-point between EOD and NTE. The MTR report in English should be submitted to the GEF Secretariat within 4 years of the CEO Endorsement date. 6 The Terminal Evaluation date should be discussed with OED 6 months before the project’s NTE date.
B45: Project Contacts
B46: Contact | E46: Name, Title, Division/Institution | I46: E-mail
B47: Project Coordinator (PC) | E47: Manuel Peralvo / CONDESAN | I47: manuel.peralvo@condesan.org
B48: Budget Holder (BH) | E48: Gherda Barreto /FAO | I48: gherda.barreto@fao.org
B49: GEF Operational Focal Point (GEF OFP) | E49: Madeleine Pertnuz / MAE | I49: maria.pertuz@ambienteyenergia.gob.ec
B50: Lead Technical Officer (LTO) | E50: Andrea Jessica Casaza / FAO RLC | I50: Jessica.Casaza@fao.org
B51: GEF Technical Officer (GTO) | E51: María Kattia Escudero Rodríguez / FAO OCB | I51: Maria.EscuderoRodriguez@fao.org
B54: Key Project Management Unit Personnel
B56: Please indicate the composition of the PMU as per the Terms of Reference in the ProDoc. If any new position was establised during the project implementation, please insert it accordingly.
B59: Position planned (as per ProDoc) | E59: Position filled (Yes/No) | F59: Start date, Name, Contact | J59: Comments
B61: ADMIN: Administrative support | E61: Yes | F61: June 2022; Giovanna Cevallos; giovanna.cevallos@condesan.org
B63: CTA: Chief Technical Advisor | E63: Yes | F63: June 2022; Manuel Peralvo; manuel.peralvo@condesan.org
B65: AT1: Governance and Land Use Planning Specialist | E65: Yes | F65: November 2022; Alexandra Garces; alexandra.garces@ndtcondesan.org
B67: AT2: Sustainable Land Management Practices Specialist | E67: Yes | F67: December 2022; Rossana Proaño; rossana.proanio@ndtcondesan.org
B69: AT4: LDN Monitoring specialist | E69: Yes | F69: December 2022; Eric Metzler; eric.metzler@ndtcondesan.org
B71: AT5: Technical and Operational Liasson and Project Monitoring Specialist | E71: Yes | F71: July 2024; Carol Tapia; carol.tapia@ndtcondesan.org
B73: AT3: Value chain and incentive specialist | E73: Yes | F73: April 2023; Liggia Estrella; liggia.estrella@ndtcondesan.org
B75: TL1: Field site leader, Northern Andes Site | E75: Yes | F75: July 2023; Margarita Vaca; margarita.vaca@ndtcondesan.org
B77: TL2: Field site leader, Central Andes Site | E77: Yes | F77: June 2023; Víctor Anguieta; victor.anguieta@ndtcondesan.org
B79: TL3: Field site leader, Coastal Cordillera Site | E79: Yes | F79: June 2023; Alberto Borbor; alberto.borbor@ndtcondesan.org
B81: TL3: Field site leader, Coastal Cordillera Site Communications Specialist (partial time). | E81: Yes | F81: June 2024; Giovanny Cevallos; fabricio.cevallos@condesan.org

Sheet _Calc
A1: Rating text | B1: Score
A2: Highly Unsatisfactory (HU) | B2: 1
A3: Unsatisfactory (U) | B3: 2
A4: Moderately Unsatisfactory (MU) | B4: 3
A5: Moderately Satisfactory (MS) | B5: 4
A6: Satisfactory (S) | B6: 5
A7: Highly Satisfactory (HS) | B7: 6
A8: Unknown | B8: 0
A9: Not Rated | B9: 0
D12: for DevScore
D13: Person | E13: PM/Coord | F13: Budget Holder | G13: LTO | H13: GEF OFP | I13: GTO
D14: Weight % | E14: 20 | F14: 25 | G14: 25 | H14: 0 | I14: 30
D15: For ImpScore
D16: Person | E16: PM/Coord | F16: LTO | G16: GEF OFP | H16: GTO
D17: Weight % | E17: 25 | F17: 35 | G17: 0 | H17: 40
A19: Once you've filled in 2. Progress towards outcomes & 3. Implementation Progress
A20: Please double click and press enter on Cells D20 and D21 | D20: {=_xlfn.LET(_xlpm.hdrRow,MATCH("*Development*Objective*rating*",'2. Progress towards outcomes'!$C:$C,0),_xlpm.rRow,_xlpm.hdrRow+1,_xlpm.ratings,INDEX('2. Progress towards outcomes'!$D:$H,_xlpm.rRow,0),_xlpm.scores,_xlfn.XLOOKUP(_xlpm.ratings,TxtRating,NumRating,0),ROUND(SUMPRODUCT(_xlpm.scores,Weights)/SUM(Weights),0))} -> 5
D21: {=ROUND( SUMPRODUCT( _xlfn.XLOOKUP( CHOOSE({1,2,3,4}, '3. Implementation Progress'!D101, '3. Implementation Progress'!F101, '3. Implementation Progress'!J101, '3. Implementation Progress'!L101 ), TxtRating, NumRating, 0 ), Weights2 ) / SUM(Weights2), 0)} -> 5

Sheet Countries
A1: Select Country
A2: Afghanistan
A3: Åland Islands
A4: Albania
A5: Algeria
A6: American Samoa
A7: Andorra
A8: Angola
A9: Anguilla
A10: Antarctica
A11: Antigua and Barbuda
A12: Argentina
... A250: Zimbabwe

Sheet TypeofTrustFund
A1: Type of Trust Fund
A2: Capacity-building Initiative for Transparency (CBIT)
A3: Global Biodiversity Framework Fund (GBFF)
A4: Global Environment Facility Trust Fund (GFF)
A5: Least Developed Countries Fund (LDCF)
A6: Special Climate Change Fund (SCCF)
A7: Small Grants Program (SGP)

Sheet FocalArea
A1: Focal Area
A2: Multi Focal Area
A3: Biodiversity
A4: Chemicals and Waste
A5: Chemicals/PoPs
A6: Climate Change
A7: Climate Change Adaptation
A8: Climate Change Mitigation
A9: International Waters
A10: Land Degradation

Sheet 2. Progress towards outcomes
B1: 2. Progress towards Achieving Project Objective(s) (Development objective)
B3: (All inputs in this section should be cumulative from project start, not annual)
B6: Please indicate the project’s main progress towards achieving its objective(s) and the cumulative level of achievement of each outcome since the start of project implementation.
B7: Project or Development Objective | C7: Outcomes | D7: Outcome indicators | E7: Baseline | F7: Mid-term Target | G7: End-of-project Target | H7: Cumulative progress level at 30 June 2026 | I7: % of cumulative progress | J7: Progress rating
B8: Objective: Prevent, reduce and reverse land degradation processes (SDG 2, 13, 15) to promote the sustainable development of rural communities, ensuring the provision of key ecosystem services and food sovereignty, within the framework of national efforts to achieve the LDN in Ecuador (2.4.1; 13.2.1; 15.3.1) | C8: Outcome 1.1: Institutional actors make decisions with a LDN approach based on an established monitoring system that is regularly fed | D8: Project Indicator # 1: LDN information gathering and monitoring system working and producing LDN national indicator reports mainstreaming gender and interculturality variables. | E8: There are several national monitoring initiatives led by the MAAE and the MAG, this includes national progress for LUCC and COS. In addition, MAAE and MAG have environmental (SUIA), agricultural (SIPA) and forest information systems. Progress is needed in the development of national LDN indicators and targets that are reported to the Convention. | F8: Information system gathering and monitoring the LDN established, defining national LDN targets, protocols for monitoring indicators and institutional arrangements, sensitive to gender and multiculturalism, for long - term monitoring agreed among key actors (including MAAE and MAG). | G8: System survey information and monitoring of LDN running and generating national LDN indicators, reports, integrating variables related to gender and multiculturalism. | H8: In the final year of its implementation, the consolidation process of the National Observatory of Land Degradation (ONDT) continues, with two universities joining the research group: the University of Cuenca (UCUENCA) and the National Polytechnic School (EPN). These universities participate in methodological development, monitoring, and testing of practices within working groups and nodes, with a defined management model, a first version of the website, and a geoportal under development. The following actions were carried out in the period of this report: 1. Development of conceptual models (state and transition models) and identification of information gaps within the framework of building an ONDT research agenda. 2. Development of the ONDT's Organizational and Functional Manual (MOF). 3. Initiation of a new Montane Forests Node of the National Observatory of Tropical Forests (ONDT) under the leadership of faculty from the National Polytechnic School (EPN), the Central University of Ecuador (UCUENCA), and the Technical University of Loja (UTPL). 4. Implementation and launch of the Dry Forest Reforestation Trial under Irrigation within the Dry Coastal Node. 5. Implementation and launch of the Eroded Paramo Recovery Trial using Stone Walls and Crescent-Shaped Structures within the High Andean Node. 6. Development of protocols for monitoring degradation and recovery in high Andean peatlands and herbaceous and shrubland páramo. 7. Establishment of a baseline for in-situ monitoring of degradation and recovery at 13 paramo sites (39 transects) and 16 high Andean peatland sites (48 transects) in the high Andean landscape of Bolívar Province within the High Andean Node, applying the developed protocols. 8. The SDG 15.3.1 Good Practice Guidance Addendum (Teich et al., 2025) features several methodological enhancements co-developed by the LDN Project Ecuador and WOCAT as examples of national calibration approaches. | I8: 0.72 | J8: Satisfactory (S)
C9: Outcome 1.2: Key actors at national and sub-national levels apply knowledge and tools for the implementation of the LDN approach to measures planning, implementation and monitoring. | D9: Project Indicator # 5: Number of people with capacities strengthened in the LDN approach for the implementation of SLM/SFM practices and that apply knowledge and tools in the three intervention areas (disaggregated by sex, ethnicity and age). | E9: The LDN approach is new to most actors at the national and sub-national level. The application of knowledge and tools relevant to the LDN approach will require the development of capacities and tools that allow their use by technicians and landowners / users to plan, execute and monitor LDN measures. | F9: At least 30 Technical (national, subnational, researchers) with capacities strengthened in planning the LDN approach to the monitoring of the LDN. At least 10 community promoters with training to promote the LDN approach (40% are women; 30% belong to peoples and nationalities). At least 30 people with strengthened capacities to implement SLM practices (40% are women; 30% belong to peoples and nationalities). | G9: At least 100 technical (national, subnational, researchers) with knowledge and capabilities strengthened in the LDN approach planning, implementation of measures and the monitoring of the LDN. At least 30 community promoters with training to promote the LDN approach (40% are women; 30% belong to towns and nationalities). At least 90 people with strengthened capacities to implement SLM practices (40% are women; 30% belong to peoples and nationalities). | H9: In its final year of implementation, the project continues with various activities to improve understanding and capacity to design, implement, and monitor actions to combat land degradation. These include: - Continued capacity building for stakeholders of the National Land Degradation Observatory (ONDT) on the development of state and transition models, local-level monitoring of land degradation, and the adaptive development of sustainable land management (SLM) practices and trials. During this period, an increase of 28 people joined this process (24 men and 4 women), bringing the total to approximately 168 people (115 men, 53 women) since the project's inception. A total of 98 people attended ONDT-related training events (23 women and 75 men) in this last period. - This year, additional individuals were identified who have taken on a leading role in the implementation of Sustainable Land Management (SLM) practices related to the promotion of sustainable livestock farming in the Salinas parish of Bolívar province, Sierra Centro site, bringing the total to 31 people (19 men and 7 women) since the project's inception. - The capacity-building process for implementing SLM practices continues. The topics covered in the training sessions this past year included: application and benefits of biological pest control in maize crops, cacao cultivation in diverse agroforestry systems, sustainable citrus management, soil restoration in production systems, production and application of bio-inputs for the sustainable management of productive soil, and pruning of fruit and forest trees for the sustainable management of productive soil. This year, 415 people attended these training sessions across the project's three implementation sites (193 women and 222 men). Note: As part of the project systematization process, the effective number of people corresponding to the recorded attendances will be defined. | I9: 0.63 | J9: Satisfactory (S)
C10: Outcome 1.3: National and sub-national authorities include the LDN approach into national policies and planning processes, at different levels and with appropriate inter-agency coordination mechanisms. | D10: Project Indicator # 7: Effective inter-institutional and / or multilevel coordination mechanisms to achieve LDN | E10: Inter-institutional coordination mechanisms on this issue are weak and are not implemented on a regular basis. | F10: At least 1 intersectoral and / or multilevel coordination mechanism activated with LDN actors. | G10: At least 1 intersectoral and / or multilevel coordination mechanism activated with LDN actors. | H10: The intersectoral coordination mechanism, the Ad Hoc Working Group (GTAH), established to provide technical assistance for the development of the National Action Plan for Land Degradation Neutrality and Soil Resource Conservation (NDT&CRS), is currently active and resumed its activities in June 2026 with the new consultancy process assigned for its development. The next steps will involve reviewing the members who will be activated for this new process. | I10: 0.69 | J10: Satisfactory (S)
C11: Outcome 2.1: Landowners and users adopt sustainable land management practices at intervention sites to prevent and/or reduce land degradation and restore ecosystem services. | D11: GEF Indicator # 3.2: Area in hectares (ha) of forest areas restored to maintain ecosystem services in 3 intervention sites | E11: 0 | F11: 0 | G11: 2,000 ha | H11: During this period, activities continued that enabled the implementation of sustainable land management (SLM) practices through the following specific actions: 1) Restoration Actions: Coast - Natural Regeneration: Maintenance and periodic monitoring of the fencing implemented in the restoration area in San Marcos, Santa Elena Province (100 ha). - SLM Support Mechanisms: Support for the dry forest nursery in Santa Elena Province, which is currently in production and supports landscape restoration efforts in the province (600 ha). - SLM Support Mechanisms: The nurseries in Sinchal and Barcelona have been implemented and have begun production (Area under validation). Central Highlands - SLM Support Mechanisms: Installation of expansion infrastructure for plant production at the nursery in Chimborazo, Central Highlands (300 ha). - Moderately Assisted Regeneration: Maintenance of the restoration area in Jun Jun, Tungurahua, Central Highlands (25 ha). - Support mechanisms for MST: Technical assistance to the Decentralized Autonomous Government of the Municipality of Guaranda, Bolívar, in the implementation of restoration practices designed for the Landscape Restoration Program (215 ha). At the end of this period, a total of 1240 hectares of forest areas were recorded as being in restoration processes across the 3 intervention sites of the project. The validation of data for the hectares of surface area under restoration is an ongoing process that will be completed within the framework of the systematization of the project. Note: The variations recorded in the surface area estimates compared to the previous report reflect the adjustment required after processing information from the action: Implementation and strengthening of Integrated Fire Management Brigades (MIF) in the province of Imbabura, using geographic information systems and the land cover and land use map of the province, provided by local stakeholders. Final validation of the recorded reports will be available as the project systematization process progresses. | I11: 0.77 | J11: Satisfactory (S)
D12: GEF indicator # 3. 3: Area in hectares of paramo areas and shrub ecosystems restored to maintain ecosystem services in 3 intervention sites | E12: 0 | F12: 0 | G12: 2,000 ha | H12: The actions carried out this year for the regeneration of paramo areas and shrub ecosystems are: Central Highlands Natural Regeneration: Evaluation of the installed fencing and the commitments of the six communities in the province of Bolívar where the páramo area undergoing restoration has been demarcated: Pachancho, Natawa, Rincon de los Andes, Yakubiana, Yukak Ugsha and Verdepamba (1578 ha). At the end of this period, 1,578 hectares of paramo and shrub ecosystems were recorded as being in the process of restoration. The validation of data for the hectares of surface area under restoration is an ongoing process that will be completed within the framework of the systematization of the project. Note: The variations recorded in the surface area estimates compared to the previous report reflect the adjustment required after processing information from the action: Implementation and strengthening of Integrated Fire Management Brigades (MIF) in the province of Imbabura, using geographic information systems and the land cover and land use map of the province, provided by local stakeholders. Final validation of the recorded reports will be available as the project systematization process progresses.
D13: GEF indicator # 4. 3 : Area in hectares of landscapes under SLM in productive systems in 3 intervention sites | E13: 0 | F13: 0 | G13: 4,750 ha | H13: 2) Sustainable Land Management (SLM) Actions: During this period, ongoing processes continued, either in the implementation or monitoring stage: Coast: - Sustainable plantation management: Development of the second Field School (ECA) for the sustainable management of toquilla palm groves in the communities of Sinchal, Barcelona, ​​and Febres Cordero in the province of Santa Elena (137 ha). - Sustainable plantation management: The second phase of application of biological pest control and associated sustainable practices in corn crops in Santa Elena was completed (45 ha). - Agroecological practices: The implementation of three demonstration farms with an agroecological approach in Santa Elena, located within a monoculture-dominated area, was completed (Area under validation). Northern Highlands: - Agroforestry: Monitoring of agroforestry systems and other SLM practices established in Cotacachi (46 ha) and Urcuqui (288 ha), province of Imbabura, continues . - Protection, Control, and Surveillance: Monitoring is being conducted on the operation and proper use of equipment belonging to community brigades for integrated fire management in Imbabura (18,863 ha). - Agroecological Practices: Implementation of Sustainable Land Management (SLM) practices on 29 farms in the Mojanda Cambugan Area of ​​Conservation and Management (ACUS) (161.7 ha). Central Highlands: - Agroecological Practices: Monitoring continues on the maintenance of SLM practices on livestock farms in the Province of Bolivar (644 ha). At the end of this period, a total of 20,500 hectares were registered under SLM practices across the project's three intervention sites. The validation of data for the hectares of surface area under SLM is an ongoing process that will be completed within the framework of the systematization of the project.
D14: GEF indicator # 4. 4 : Area in hectares of high-value forests conserved in 3 intervention sites | E14: 0 | F14: 0 | G14: 20,000 ha | H14: 3) Conservation Actions: Northern Highlands: - Protection, control, and monitoring: The design of the environmental interpretation facilities needed to promote the conservation of the community area in Irugincho, Imbabura, has been completed (795 ha). - Implementation of actions for the conservation of individual areas and a community forest area in the Mojanda Cambugan Conservation Area (ACUS), Imbabura (554 ha). - Monitoring of the performance of the BRICOM MIF Brigades, Imbabura, continues (10.835 ha). At the end of this period, a total of 12,184 hectares remain under conservation actions by the project.
D15: GEF Indicator # 11: Number of direct beneficiaries disaggregated by sex and ethnicity as a co-benefit of the GEF investment | E15: 0 | F15: At least 1,250 people (500 women and 375 belonging to peoples and nationalities) have implemented SLM practices on the farm and their comprehensive impact has been evaluated. | G15: At least 3,750 people (1,500 women and 1,125 belonging to peoples and nationalities) have implemented SLM practices on the farm and their comprehensive impact has been evaluated. | H15: As a result of these initiatives, by the end of this period, acumulative total of 14,608 people have benefited from the implementation of SLM practices in the project (7,450 women and 7,158 men, based on the distribution of the latest population census). In the last year, additional work processes related to the implementation of nurseries in the Sinchal and Barcelona districts of Santa Elena were recorded, with the aim of promoting the adoption of sustainable agroforestry systems.
D16: GEF Indicator # 6: tCO2e sequestered or emissions avoided due to SLM practices and avoided deforestation | E16: 0 | F16: 0 | G16: 9’596,730 tCO2e q | H16: The volume of emissions sequestered and/or avoided will be estimated toward the final stage of the project, once the implementation of the sustainable land management (SLM) measures has been completed. For this purpose, the EX-ACT tool (Ex Ante Carbon Balance Calculation Tool) developed by the FAO will be used. The baseline data for estimating carbon sequestration will be the records of areas with vegetation cover under conservation, restoration, and productive areas that incorporate SLM practices, which are currently being recorded by the project.
C17: Outcome 3.1 Actors in selected value chains include the SLM approach to enhance resilience and generate socio-economic benefits based on incentives and improvements in market access mechanisms. | D17: GEF Indicator # 11: Number of direct beneficiaries disaggregated by sex and ethnicity as a co-benefit of the GEF investment | E17: 0 | F17: At the least 300 beneficiaries access SLM incentives and mechanisms that promote SLM in value chains. At least 360 people with strengthened capacities in LDN (disaggregated by sex and ethnicity). | G17: At the least 1000 beneficiaries / as access SLM incentives and mechanisms to strengthen the SLM in value chains. At least 480 people with strengthened capacities in LDN (disaggregated by sex and ethnicity). | H17: During the reporting period, the implementation of actions related to the application of incentives and the development of market access mechanisms continued. These actions will be detailed in the specific products of this report. The most relevant progress during this period was: Financial Incentives Some processes related to the application of incentives have been finalized, such as those for the savings funds of the Barcelona Center in Santa Elena and the CCMU in Imbabura, where their administrative, financial, and record-keeping management mechanisms have been developed and strengthened. Progress has been made in: 1) the development of a management model for applying an incentive for the implementation of SLM practices by livestock producers in Salinas de Guaranda – BolIvar, including the identification of qualification criteria, beneficiaries, and mechanisms for registration and delivery of the incentive; 2) the identification of clients and qualification criteria for access to the green product with the Santa Anita Cooperative, as well as its integration and validation with the in-kind fund mechanism of the CCMU in Imbabura. Non-Financial Incentives During this period, the development process for five Management Plans for the Matapalo-Santa Elena Commune was completed for tagua nut harvesters in the Matapalo Commune. These plans focused on the legalization/regularization of their land titles, as well as providing technical assistance for their approval by the Ministry of the Environment (MAE). The integration of the green product and the in-kind funding mechanism with the Santa Anita Cooperative and the CCMU continues, along with the pilot application of this mechanism. Market Access Mechanisms During this period, progress has been made in developing mechanisms that allow organizations to establish links with private companies and local organizations for the marketing of products with a sustainable land-use approach. The main mechanisms include: - Fairs: Planning the communication strategy for the Bolívar Agroecological Fair, and compiling registrations of participants in the Cotacachi Fair, "La Pacha Mama nos alimenta". - Direct Sales: Improvements in quality processes, record-keeping system, and integration of the MST approach from the Barcelona Center in Santa Elena; design of a point of sale for sustainable products in Salinas de Guaranda, Bolivar. - Supplier Development: Development of a pilot production project for aromatic herbs under MST criteria – CCMU – Imbabura; development of management models for a Service Center for agricultural production management in Salinas, Bolivar. - Partnerships: Partnerships between local organizations and private companies in the value chains of toquilla straw, tagua, milk/cheese, and aromatic herbs are maintained and strengthened. Thus, up to the end of the reporting period, the following results were recorded in relation to the indicator target proposed in this result: - An increase in the number of reported beneficiaries was recorded: 1,516 people benefited from the incentive and market access initiatives (677 women and 839 men). - 280 attendances at training events related to the adoption of incentives and market access mechanisms (approximately 103 women and 177 men). The final systematization process will determine the actual number of beneficiaries and participants in the various training activities based on recorded attendance. The gender perspective in this outcome is evident in the participatory work with women-led and women-in-command organizations. The nature of the processes to which the incentives are linked responds to the specific challenges faced by rural women in productive activities and their caregiving roles at home and within their communities. | I17: 0.77 | J17: Satisfactory (S)
D18: Project Indicator # 12: On-farm generated smallholder income improved through SLM / SFM practices and incentives | E18: To be defined in year 1. | F18: 0 | G18: At least 10% increase in the income generated in the farm of small owners who have incorporated the SLM. | H18: As part of the participatory evaluation process of MST practices implemented by the project, an economic feasibility analysis has been included. This analysis will propose a methodology to determine the impact of the practices, incentives, and market access mechanisms on the family incomes of the beneficiary groups. The evaluation will begin in the second half of 2026.
C19: Outcome 4.1: Knowledge management, M&E and disseminated lessons learned from the project. | D19: Project Indicator 15: Project results achieved and demonstrating sustainability | E19: N/A | F19: 10 0% of goals fulfilled medium term. | G19: 100% scope in achieving results. Proven sustainability. | H19: The NDT project is currently implementing actions at its three sites: Coast, Northern Highlands, and Central Highlands, in accordance with the plan proposed in the final year of execution. A new closing date of August 2027 has been set, based on the extension strategy presented by the project and approved in April 2026 by the Steering Committee. During this period, actions related to closure, systematization, and knowledge management will be undertaken. The first advances reported during this period are presented below: The development of the following products has begun: 1) Participatory evaluation of the impact of Sustainable Land Management (SLM) practices and their relationship to improving the income of beneficiaries in the value chains supported by the project, 2) Sustainable Livestock Guidelines for the Salinas parish, Bolívar, 3) Milestones 2025 Magazine of the NDT Project, 4) In progress, inputs at the territorial level such as the Sustainable Livestock Guidelines for the Salinas parish in Bolívar, the Executive Summary of the Sustainable Production Strategy for the province of Bolívar, and the Study of areas of hydrological importance in Bolívar. The development of the knowledge management and systematization strategy will evolve further towards the second half of 2026, when the planned actions in the different components of the project are in the final stage of implementation, based on the project's time extension strategy presented. | I19: 0.67 | J19: Satisfactory (S)
B21: Average Cumulative progress toward outcomes (%) | C21: Time elapsed since project start/EOD vs Planned Project End Date | D21: % of delivery
B22: =IFERROR(AVERAGE(I8:I19),"") -> 0.70833333 | C22: =IF(OR('1. Basic project data'!E16="",'1. Basic project data'!E18=""),"",(TODAY()-'1. Basic project data'!E16)/('1. Basic project data'!E18-'1. Basic project data'!E16)) -> 1.2456867 | D22: =IF('1. Basic project data'!E23=0,"",'1. Basic project data'!E24/'1. Basic project data'!E23) -> 0.96896454
B33: Development Objective (DO) Ratings, and Overall Assessment
B34: Please note that the overall DO ratings should be substantiated by evidence and progress reported above. The ratings and comments should reflect the overall progress of results since project start
C36: FY2026 Development Objective rating¹ | D36: Project Manager/ Coordinator | E36: Budget Holder | F36: Lead Technical Officer13 | G36: GEF Operational Focal Point | H36: GEF Technical Officer (GTO)
D37: Satisfactory (S) | E37: Satisfactory (S) | F37: Satisfactory (S) | G37: Satisfactory (S) | H37: Satisfactory (S)
C38: Comments/reasons¹² justifying the ratings for FY2026 and any changes (positive or negative) in the ratings since the previous reporting period | D38: The project has consolidated its operations, with important progress in national level processes (e.g. National Land Degradation Observatory, National LDN Action Plan) and in the implementation of SLM practices in the intervention sites. Collaborative arrangements with institutional allies such as decentralized autonomous governments (DAG) and individual and associated local producers have been strengthened. Capacity building activities have reached a diverse set of target groups, including researchers, local communities and technical teams in the Ministries and GADs. | E38: The project has demonstrated satisfactory progress in implementation, particularly regarding the Observatory as a key platform for information and knowledge management. In parallel, capacity-strengthening efforts have yielded positive results at the local level through the partnerships established. However, these achievements need to be better articulated and integrated into inter-institutional coordination mechanisms. Indicators related to the adoption of Land Degradation Neutrality (LDN) practices have shown progress consistent with the current stage of project implementation. Nevertheless, it is essential to prepare both quantitative and qualitative assessments to enable a more comprehensive analysis at project completion, as well as to evaluate the effectiveness of the incentives provided. The project has been granted an approved extension; therefore, it should optimize the use of the remaining time and resources to consolidate national and local capacities and, based on the LDN Action Plan, strengthen the sustainability of partnerships, capacities, information systems, and inter-institutional coordination and collaboration mechanisms. | F38: The progress reported and the results of the Project's Midterm Evaluation demonstrate significant advancements in implementing actions that promote land degradation neutrality. These actions have been aligned with national policy agendas and effectively coordinated with local stakeholders, taking into account the needs and priorities of the three intervention sites. The approval of an extension to the project's end date is expected to contribute to the sustainability of the results achieved and to the proper systematization and dissemination of lessons learned. Within this framework, most of the project's main objectives are expected to be met satisfactorily. | G38: The Operational Focal Point recognizes the significant progress achieved by the project.These achievements contribute to national priorities for sustainable land management and to the GEF objectives on land degradation and ecosystem restoration. Considering that the project is in its final implementation year and has an approved extension until August 2027, it is important to prioritize the completion and validation of outstanding indicators, particularly those related to restoration areas, carbon benefits, income generation, and project sustainability. The ongoing validation and systematization of results should also ensure that sufficient evidence is available to demonstrate the achievement of project targets. Furthermore, efforts should focus on institutionalizing the tools, capacities, coordination mechanisms, and sustainable land management practices developed by the project to ensure their continuity beyond the project closure. | H38: The project continues to be implemented in alignment with national and subnational priorities on Land Degradation Neutrality (LDN). In its fourth year of implementation, the project has made solid progress in delivering field-level activities while also advancing national governance processes. It enjoys strong support from local stakeholders, beneficiaries, and government authorities. Despite changes in national and institutional leadership, the project has continued to achieve its targets in a satisfactory manner. As it enters its final year of implementation, strengthened national institutional support and commitment will be essential to ensure the successful achievement of the project's objectives and the long-term sustainability of its results.
B43: Measures to address MS, MU, U and HU ratings on Section 2 above
B46: Outcome | D46: Action(s) to be taken | F46: By whom? | H46: By When?
B51: 7 Some indicators may not identify mid-term targets at the design stage (refer to approved results framework) therefore this column should only be filled when relevant. 8 Use GEF Secretariat required six-point scale system: Highly Satisfactory (HS), Satisfactory (S), Moderately Satisfactory (MS), Moderately Unsatisfactory (MU), Unsatisfactory (U), and Highly Unsatisfactory (HU).

Sheet 3. Implementation Progress
B1: 3. Implementation Progress (IP)
B3: (Please indicate progress achieved during this FY as per the Implementation Plan/Annual Workplan)
B5: Outcomes and outputs | D5: Indicators (as per the logical framework) | F5: Main achievements in the last 12 months (please DO NOT repeat results reported in previous year PIR) | L5: Describe any variance 9 in delivering outputs
B7: Outcome 1.1 Institutional actors make decisions with a LDN approach based on an established monitoring system that is regularly fed
B8: Output 1.1.1 LDN indicators baseline assessed at national and local level. | D8: Project Indicator # 2: Number of LDN base line indicators established | F8: During the last year of implementation, the following progress was made regarding this product: - At the national level: The SDG 15.3.1 Good Practice Guidance Addendum (Teich et al., 2025) features several methodological enhancements co-developed by the LDN Project Ecuador and WOCAT as examples of national calibration approaches. - At the subnational level: Establishment of the baseline for in-situ degradation monitoring at 7 new long-term monitoring sites (21 transects) of dry forest implemented in the Agua Blanca Community (Manabi Province), as well as at 13 paramo sites (39 transects) and 16 high-Andean peatland sites (48 transects) implemented in Bolivar Province. Thus, the following status of compliance with the proposed indicator is presented to date: - An additional national indicator has been developed: Potential water erosion, bringing the total to 4 national indicators, with a reporting mechanism that integrates demographic, gender, and intercultural variables. - Several subnational indicators developed for in situ monitoring of degradation of moorlands, high Andean peatlands and dry forest, and a subnational baseline established in the sites described above: Mandatory Indicators for monitoring protocol for paramos and exposed soil areas: * Complexity of vertical structure * Abundance of plant species indicative of degradation * Necromass (Leaf Litter) * Presence of the horizon Ah * Soil cover * Evidence of ruts and gullies * Sediment accumulation (Erosion record over time) * Evidence of other land use pressures Mandatory Indicators for monitoring protocol for high Andean peatlands * Complexity of vertical structure and growth form * Coverage of indicator species *Visual evidence of oxidation * Presence of surface water * Water table: monitoring water variation * Evidence of other land use pressures Additional indicators for the monitoring protocol for dry forests: * Juvenile trees (Tree regeneration)
B12: Output 1.1.2 Participatory assessment of SLM practices that prevent and reduce land degradation, restore ecosystems, reduce emissions and enhance the provision of ecosystem services. | D12: Project Indicator # 3: Methodologies to systematize and evaluate SLM practices aligned with LDN targets and land degradation trends at the national and sub-national level that are implemented with a gender and intercultural approach. | F12: The activities related to this product have been completed. Ten social and cultural rights (SLM) measures have been evaluated and systematized, including aspects of interculturality and gender. As part of this product, the technical/financial analysis of SLM practices in beneficiary income is still pending; this will be carried out jointly with the participatory evaluation of practices implemented by the project.
B16: Output 1.1.3 Monitoring of LDN indicators at national and sub-national levels, integrated with reporting mechanisms. | D16: Project Indicator # 4: Methodologies and institutional-operational arrangements to monitor long-term progress and fulfillment of LDN targets that facilitate the participation and representation of women and men in decision-making on SFM/SLM | F16: The progress presented in the last year of reporting regarding this product includes: - Development of conceptual models (state and transition models) and identification of information gaps within the framework of building a research agenda for the National Observatory of Land Degradation (ONDT). - Development of the ONDT's Organizational and Functional Manual (MOF). - Initiation of a new Montane Forests Node within the ONDT, led by faculty from EPN, UCUENCA, and UTPL. - Implementation and launch of the Dry Forest Reforestation Trial under Irrigation within the framework of the Dry Coastal Node. - Implementation and launch of the Trial for the Recovery of Eroded Paramo Using Stone Walls and Crescent-Shaped Structures within the framework of the High Andean Node. - Development of protocols for monitoring degradation and recovery in high Andean peatlands and herbaceous and shrubland paramo. At the end of the reporting period, the following progress regarding indicator compliance is presented: Indicator Monitoring Protocols: - Two protocols for monitoring páramo and high-Andean peatlands have been tested in the Bolivar Province. - One protocol for monitoring dry forest, supplemented by regeneration variables. National Observatory: - The National Land Degradation Observatory (ONDT) is active with the participation of researchers from two additional universities: the National Polytechnic School (EPN) and the University of Cuenca (UCUENCA), bringing the total number of universities linked to the ONDT to 11. Articulation Nodes: - A new Montane Forests node has been integrated, and an agreement has been formalized with the Santa Elena Peninsula State University (UPSE), along with a Letter of Commitment with the Eloy Alfaro Lay University of Manabi (ULEAM). Thus, four Observatory nodes are currently active.
B20: Outcome 1.2 Key actors at national and sub-national levels apply knowledge and tools for the implementation of the LDN approach to measures planning, implementation and monitoring.
B21: Output 1.2.1 Capacity strengthening tools for LDN targets planning, implementation and monitoring, with a gender and intercultural approach, and available, operational and implemented by key actors. | D21: Project Indicator # 6: Number and type of capacity building tools for planning, implementing and monitoring the LDN targets, SLM and SFM with a gender and intercultural approach, available, operational and applied by key stakeholders | F21: The progress reported in this latest reporting period regarding this product is as follows: - Progress in the conceptualization, validation, launch, and design of the Integrated Territorial Planning Course, a joint effort between CONGOPE, CONDESAN, and FLACSO. The consulting process responsible for this began in February 2026. - Between February and June 2026, working meetings were held with CONGOPE to provide feedback on the Work Plan and the Course's Thematic Content Structure. As of June 2026, the Work Plan, the Methodological Content, the identified case studies, and Module 1 were completed. A draft cooperation agreement was developed between CONDESAN and the Latin American Faculty of Social Sciences (FLACSO) for the development of the Integrated Territorial Planning Course. - The formation of the working group for the implementation of the soil learning laboratory is underway, in conjunction with the Technical University of the North. This laboratory is currently being implemented by Ekorural, and the aim is to create a space for training and knowledge exchange on Sustainable Land Management (SLM). - The Sustainable Land Management in the Andes Course was launched in conjunction with the Andean University Simon Bolívar, with the participation of local promoters from the three project intervention sites. The goal is to improve management capacities in each of their areas of action at the local and institutional levels. | L21: The validation process took longer than expected due to several changes in CONGOPE's leadership. However, in February 2026, the consulting work for the course's development and design was successfully launched.
B25: Outcome 1.3 National and sub-national authorities include the LDN approach into national policies and planning processes, at different levels and with appropriate inter-agency coordination mechanisms.
B26: Output 1.3.1 National policies and sub-national territorial planning instruments (new or existing) are part of the LDN approach and consider the specific priorities of women and peoples and nationalities. | D26: Project Indicator # 8: Number and type of policy instruments national and territorial planning tools that incorporate LDN and SLM and capacities, priorities and territorial conditions for women, men and indigenous populations | F26: This year marks the completion of the final local territorial planning instrument of the six supported by the NDT Project: the Management Model of the Environment and Production Roundtable of Chimborazo. Additionally, between March and June 2026, the management model of the Sustainable Agricultural Production Strategy of the Province of Bolivar was adjusted to include the structure of the recently created Conservation and Sustainable Use Area (ACUS). Furthermore, the possibility of incorporating the Strategy into a provincial ordinance is being discussed with the Prefecture of Bolivar. | L26: During this period, a change of authorities occurred in the Provincial Government of Chimborazo, which prevented the continuation of additional actions planned within the framework of the project, such as engagement in provincial governance.
B30: Output 1.3.2 National LDN Action Plan designed and operational including national LDN targets. | D30: Project Indicator # 9: National action plan for LDN with a gender perspective | F30: After the initial consultancy process for developing the National Action Plan for Land Degradation Neutrality and Soil Resource Conservation (NDT&CRS) was completed, complementary actions were taken to continue the process of building this instrument: - In the second half of 2025, a workshop was held with farmers from the Sierra Centro region to identify, from their perspective, the problems related to land degradation and possible local solutions. - To resume the process, a new call for consultancy proposals was issued for the formulation of the National Action Plan for NDT&CRS. Following the selection process, the new consultancy began in June 2026. Kick-off meetings were held with the Ministry of the Environment and Energy (MAE), the Ministry of Agriculture, Livestock and Fisheries (MAGP), and the Food and Agriculture Organization of the United Nations (FAO). The consultancy team presented the work methodology and is progressing with the development of the Plan's diagnostic assessment and the methodological framework for defining NDT targets. This new process aims to strengthen the diagnostic findings from the previous process and finalize the components of the NDT goals, strategies, and management model for the NDT Plan. | L30: Due to technical difficulties with the deliverables and delays in the work of the consulting firm contracted to develop the National NDT&CRS Action Plan, its contract was terminated prematurely. A new procurement process has been initiated to ensure the continuity of the project. Construction of the Plan is expected to be completed in the first quarter of 2027.
B34: Outcome 2.1 Landowners and users adopt sustainable land management practices at intervention sites to prevent and/or reduce land degradation and restore ecosystem services
B35: Output 2.1.1 Ongoing participatory plans for the LDN implementation (mainstreaming gender, landscape, and intercultural approaches) in the context of the LDN National Action Plan. | D35: Project Indicator # 10: Number of plans designed for the implementation of LDN level subnational, in coordination with governance processes and local consultation, and focusing s landscape, gender and intercultural | F35: The progress presented in the last year of reporting regarding this product is as follows: - Management Plan for the San Marcos and Dos Mangas Communes in Santa Elena: The development processes for the Management Plans continue. The zoning and an initial version of the proposal for both Plans were presented. Validation workshops for both plans will be held in second semester 2026. The workshops are held with the board and representatives from each commune to develop the management plans. - The development process for the Paramo Management Plan of the Commonwealth of the Southwestern Front in the province of Tungurahua was completed. - As an additional process, in June 2026, the development of Sustainable Livestock Guidelines for the parish of Salinas de Guaranda, Bolivar province, began, jointly with the Salinas Parish GAD, in order to provide technical support for the ordinance being developed to guide livestock practices in the parish. - In May 2026, the development of the Imbabura Landscape Restoration Plan began, representing a new Participatory Implementation Plan. Participatory workshops were held to gather input for the diagnostic and proposal phases, resulting in four cartographic models linked to different landscape restoration objectives in Imbabura. Across these land use planning tools, gender dimensions are included mainly in: 1) characterize implications and different impacts of land degradation for men and women, and 2) consider specific challenges that rural women face as a key parameter in the development of proposals for programs and projects. Intercultural dimensions are built into these planning tools, as they are embedded in the specific social and economic contexts of indigenous communities (San Marcos and Dos Mangas communities), and the challenges that paramo communities face in their livestock systems in Salinas, Bolivar. All these tools have been developed using participatory methods that seek to attain a balanced representation of men, women, and indigenous groups, as documented in each process. | L35: Due to significant delays in the consultancy process for developing the Management Plans for the San Marcos and Dos Mangas Communes, it has been decided to terminate the contract early. Possible alternatives are being evaluated, such as hiring a consultant to validate the information developed jointly with local stakeholders and finalize the process by presenting the plan management proposal. This process is expected to be completed by the end of the second half of 2026.
B39: Output 2.1.2 Gender and intercultural-sensitive SLM/SFM practices implemented in the project intervention areas (ecosystems and productive landscapes), which restore vegetative cover, soil organic carbon, water regime and increase productive systems sustainability. | D39: Project Indicator # 11: Number and type of SLM / SFM practices promoted, with a gender and intercultural approach in the three areas of intervention | F39: The implementation of sustainable land management (SLM) practices continues in the three intervention sites: Coast, Northern Highlands, and Central Highlands, in accordance with the proposed indicator. During this period, six practices have been incorporated, bringing the total to 19 practices implemented within the project framework. Some processes are nearing completion, while others are continuing in a second and third phase, as detailed below: Coast: - Sustainable management of toquilla straw: Development of the second Field School (ECA) on sustainable toquilla straw management with the communities of Barcelona, ​​Sinchal, and Febres Cordero. - Biological pest control, crop association, and organic fertilization in maize crops: These practices have been completed, resulting in a total of 80 beneficiary farms and approximately 100 hectares under SLM practices in Santa Elena. - Strengthening of nurseries: Implementation of nursery infrastructure in Sinchal and Barcelona, ​​delivery of nursery and forestry supplies, tools, among other things. - Establishment of agroforestry systems, enrichment of remaining native vegetation, and cover crops: These are being incorporated into agroecological farms in Santa Elena to diversify crops and protect the soil. Gender dimensions are key in the coast, as many of these processes are led by women, or have direct impacts on the economy and welfare of rural women. For example, biological pest control decreases the use of pesticides and impacts in the health of campesino men and women in Santa Elena. Improving management and overall quality of toquilla fiber improves condition of access to markets by the Barcelona Artisanal Center, which is led by a group of local women. Local tree nurseries for the renewal of citric production in Sinchal and Barcelona have a direct impact on the livelihoods of local smallholder agriculturalists. Northern Highlands: - Forest conservation agreements: Agreements are being negotiated with residents of the Mojanda Cambugán Conservation Area to protect forested areas. - Water harvesting, distribution, and rational water use: Improvements are being implemented in irrigation systems and rainwater harvesting on farms in Cotacachi, Imbabura. - Circular herb gardens: In conjunction with the implementation of Sustainable Land Use (SLM) practices on various farms in CCMU, Cotacachi, circular gardens have been established on 10 of the beneficiary farms. Implementation of SLM practices in the Northern Highlands has focused on women-led processes. Circular herb gardens are being implemented with a network of indigenous women interested in becoming part of the procurement of vegetative matter for businesses selling products in urban markets. Water harvesting and management seek to improve the productive conditions of these women-farms. Central Highlands: - Strengthening the nursery of the Decentralized Autonomous Government of the province of Chimborazo: Improvement of the nursery's infrastructure, delivery of nursery and forestry supplies, tools, among others. - Fencing of conservation and restoration areas of paramo ecosystems: Improvements and repairs have been made to the fences implemented in the highlands of Salinas, Bolivar province. - Water harvesting, distribution, and rational use of water: Practice implemented on livestock farms in Salinas. SLM practices in the highlands of Salinas impacts livelihoods of rural women, as it is expected that paramo conservation and restoration helps to maintain and recover water security. The following practices have completed their implementation process: - Assisted regeneration in the San Marcos Commune - Santa Elena province. - Aeration and reseeding of pastures, living fences in pastures, infiltration trenches, and minimum tillage in pastures in Salinas de Guaranda, Bolivar province. More than 20% of these farms are managed directly by rural women, and milk production is the basis for the local economy. - Integrated fire management in Imbabura, mitigating fire risks for smallholder farms. - Crop diversification in Cotacachi with CCMU, led by indigenous women, and establishment of agroforestry systems in Urcuqui, in farms that provide guarango seed to the women-led Vida Verde Association.
D43: Project Indicator # 13: Number and type of mechanisms of incentives and institutional arrangements that facilitate the adoption of SLM / SFM practices by small producers (men and women) in each area of intervention | F43: During this period, the following exchange activities related to the adoption of Sustainable Land Management (SLM) practices were recorded in the Coastal, Northern Highlands, and Central Highlands regions: - Exchange tour for owners of agroecological farms in the province of Santa Elena to three of their farms. - Tour of a sustainable livestock farm by beneficiaries of SLM practices from the Mojanda Cambugan Conservation and Sustainable Use Area (ACUS). - Field day to observe SLM practices (dry forest restoration and biological pest control) at the Santa Elena intervention site, with visitors from the Central Highlands and Northern Highlands regions.
B47: Outcome 3. 1 Actors in selected value chains include the SLM approach to enhance resilience and generate socio-economic benefits based on incentives and improvements in market access mechanisms
B48: Output 3.1.1 Designed and operational mechanisms and institutional arrangements for the implementation of incentives to promote the adoption of SLM/SFM, mainstreaming gender and interculturality. | D48: Project Indicator # 13: Number and type of mechanisms of incentives and institutional arrangements that facilitate the adoption of SLM / SFM practices by small producers (men and women) in each area of intervention | F48: The following describes the main progress made in the last reporting period regarding the implementation of financial and non-financial incentives by the NDT project: 1) Financial Incentives - Barcelona Handicraft Center Savings Fund: Monitoring of the savings fund's operation, verifying that loans are primarily used to purchase sustainably produced toquilla straw from the members of the Barcelona Center in the province of Santa Elena. The improvements on fiber quality generate more income for the women that led the Artisanal Center. Associated practice: Sustainable plantation management. - CCMU Savings Fund: With the actions carried out in the previous period, the process has been completed. The indigenous women of the CCMU have improved access to this fund that helps to attain liquidity when unexpected needs arise. Associated practice: Maintenance of agroecological practices. - Green Product by the Santa Anita Cooperative: Analysis of the link between this process and the development of the CCMU In-Kind Fund, through a diagnostic assessment of the fund mechanism and the green product, and to determine its financial viability, enabling the sustainability of STM practices and providing access to the formal financial system for women members. Additionally, the profile of the Cooperative's client portfolio was identified. Santa Anita and the CCMU member registry, design and review of the prequalification mechanism criteria (taxonomy), including their vulnerability to adverse weather events, and their connection to Sustainable Land Management (SLM). Associated practice: Maintenance of agroecological practices. - Application of SLM incentives - El Salinerito Agricultural Production Cooperative (Producoop): a) Identification of SLM practices to be recognized within the incentive program, b) Characterization of the 22 farms that would participate in the pilot incentive program, c) Design of Farm Plan forms and a checklist for compliance with SLM guidelines, d) Progress in the design and development of the management model for the Service Center and the sustainable product sales point for the Salinas de Guaranda parish, Bolívar. This support infrastructure will help the adoption of SLM in cattle farms, which are the main source of income of rural women in Salinas. Associated practice: Soil conservation/recovery in livestock systems. 2) Non-Financial Incentives - CCMU In-Kind Fund Mechanism: In coordination with the Santa Anita Cooperative and CCMU, the CCMU in-kind fund mechanism and the Santa Anita Cooperative's green product are being jointly developed. This process proposes an integration model that includes sustainable land management (SLM) measures within the beneficiary selection criteria. Furthermore, a pilot program for this mechanism has begun, with the first result being access to a green product for one member and training in financing with climate vulnerability criteria. As per the implementation of the pilot, it is expected that more women from CCMY can access this micro credit for initiatives that incorporate SLM practices. Associated practice: Maintenance of agroecological practices. - Technical assistance for the legalization of land for members of the Iruguincho Community, covering an area of 795.65 hectares, in support of the development of conservation tourism initiatives in this area. Process completed. Associated practice: Conservation/protection. - Matapalo Community Management Plans: The project has provided technical support to the beneficiary tagua harvesters who implement sustainable forest management practices in the Matapalo Community. This support has focused on developing management plans and addressing the observations made by the current environmental authority (MAE) so that the plans can be officially approved. Tagua gathering is a key activity that diversify income for rural women in this landscape. Associated practice: Harvesting of non-timber forest products. | L48: Due to the work stoppages that occurred from September to October 2025 nationwide, and specifically in Cotachí, Imbabura Province, there were delays in the technical assistance provided under the in-kind and green product funding mechanism with the Santa Anita Cooperative and CCMU. In response, in the first half of 2026 the project increased visits to the territory and held frequent meetings with the actors involved in this process in order to advance the planned actions. This process is expected to be completed in the second half of 2026.
B52: Output 3.1.2 Designed and operational mechanisms and institutional arrangements to improve market access for smallholders (men and women) that are part of the SLM approach into the selected value chains | D52: Project Indicator # 14: Number and type of mechanisms and institutional arrangements to improve market access at local and national level of the products generated by small producers partners (men and women) that integrate the SLM approach in value chains prioritized in each area intervention | F52: The following progress was made in FY2026 related to the development of three market access mechanisms supported by the project: 1) Fairs: - Bolivar Agroecological Fair - Sierra Centro: Within a broader communication strategy, where several activities will be developed within the Consume Healthy and Local Campaign. A podcast was produced to make visible the importance of SLM practices for indigenous communities in the highlands of Bolivar, and the diversification of monocrops to increase the resilience of smallholder agriculturalists in San Simon. - "La Pacha Mama nos alimenta" Agroecological Fair - Northern Highlands: Submission of the data collected from surveys and registration of fair participants who apply SLM practices on their farms. This is a key information input for the management of the fair, which is the main commercialization outlet for the indigenous women linked to the CCMU. 2) Direct Sales: - Direct sales of toquilla straw – Santa Elena - Coast: The women-led Barcelona Craft Center has implemented improvements in the purchasing process and policy for toquilla straw, which is managed more sustainably by producers participating in the ECAs. These improvements recognize quality criteria linked to the SLM parctices. In addition, the Center is incorporating a record-keeping, traceability, and accounting system, as well as improvements in toquilla straw production. This has allowed for improved product quality for sale to the exporting company Dorfzaun. 3) Supplier Development: - Products from the Andean Chakra - Cotacachi - Imbabura: A pilot project for the production of aromatic herbs is underway with 10 indigenous women from CCMU that produce using agroecological principles for sale to the company Galletti. During this period, drying sheds for aromatic herbs and technical assistance were provided. The process continues into the next period. - Sustainable Livestock Products - Salinas - Bolivar: A management model is being developed to implement an incentive for livestock producers who apply SLM measures. Additionally, the design and implementation of a service center is underway to provide technical assistance to producers in order to maintain the application of sustainable livestock practices, equipment rental, record keeping, and the sale of inputs, as well as the establishment of a sales point for sustainably managed products.
B56: Outcome 4. 1 Knowledge management, M&E and disseminated lessons learned from the project.
B57: Output 4.1.1 Mid-term review and Final evaluation carried out. | D57: Project Indicator # 16: Number and type of evaluation reports | F57: The project has been incorporating the recommendations outlined in the Mid-Term Evaluation, which include topics related to: - Implementation of the knowledge management and communication strategy. - Consolidation of the project's Evaluation and Monitoring System. - Grouping of actions into related processes to improve implementation. - Improvement in the planning and execution of the project budget. - Integration of gender and intercultural variables. - Improvements in the project's technical and administrative management. - Integration of the project's instruments and approaches into national, provincial, and local development plans and policies. - Consideration of extending the project's timeframe. The specific actions carried out this year are reported in section 7, Follow-up on Mid-term Review.
B61: Output 4.1.2 Overall environmental benefits, co-benefits and costs of SLM/SFM monitored, assessed and lessons learned from the project analyzed. | D61: Project Indicator # 17: Project results framework with outcome and output indicators, baseline and targets Gender perspective incorporated in project management and actions | F61: The Annual Operating Plan (POA) and the Annual Procurement Plan (PAC) for 2026 were prepared and approved. In addition, during this period, a proposal to extend the project's timeframe by one year, starting from August 2026, the project's official end date, was approved. This extension was intended to allow for the proper completion of the project's planned activities at the implementation sites and to develop the systematization and knowledge management strategy. All of these inputs were approved during the Sixth Project Steering Committee meeting held in April 2026. Furthermore, the semi-annual progress reports (OPA and PIR) for the second half of 2025 and the monthly progress reports were prepared and submitted to the FAO and the Undersecretariat for Climate Change of the MAE, respectively.
B65: Output 4.1.3 Knowledge management outputs, developed and disseminated. | D65: Project Indicator # 18: Number and type of products knowledge about the causes of land degradation, best practices SLM and lessons learned about LDN published and disseminated (including the impact differentiated in women and men, and the way it has been integrated I do gender approach in project implementation) and cultural / ethnic relevance. | F65: Based on the preliminary knowledge management strategy proposed for the project, planning and budget allocation began for the specific actions required to develop the defined products, with particular emphasis on those products that will form part of the project's systematization, in the following areas: • Synthesis of knowledge on NDTs at the national level • Patterns of land degradation incidence at the national level • National overview of STM practices and examples of selected territorial practices • National Action Plan for Land Degradation Neutrality (NAP NDT&CRS) • Participatory evaluation of STM practices • Analysis of beneficiary value chains • Systematization of the NDT project: - Work approach: Monitoring, Planning and Governance, STM Practices, and Market Incentives - Comprehensive analysis of the intervention in the site/landscape: Coastal Site, Northern Highlands Site, Central Highlands Site - Lessons learned During this period, the development of the following has begun: 1) Participatory evaluation of the impact of sustainable land management (SLM) practices and their relationship to improved incomes for beneficiaries in the value chains supported by the project; 2) Sustainable Livestock Guidelines for the Salinas Parish, Bolivar; 3) NDT Project Milestones 2025 Magazine; 4) In progress, territorial inputs such as the Sustainable Livestock Guidelines for the Salinas Parish in Bolivar, the Executive Summary of the Sustainable Production Strategy for the province of Bolívar, and the Study of Areas of Hydrological Importance in Bolivar. The development of the strategy will progress further in the second half of 2026, when the planned actions in the different project components will be in the final implementation stage, based on the project's proposed time extension strategy.
B69: Output 4.1.4 Communication strategy developed and implemented to support the expansion of SLM/SFM to achieve LDN targets. | D69: Project Indicator # 19: Number and type of communication materials about LDN gender-sensitive and culturally appropriate, disseminated | F69: The following progress was recorded, based on compliance with the proposed indicator for this product. In the last six months, the following were carried out: Social media posts: 49, coverage: 8, life stories: 3, campaigns: 3 (“No dañes la tierra”, “Consume Bolívar”, “Santa Elena Saludable”), and 3 newsletters published on the CONDESAN website and distributed. 1) Communication Strategy: The strategy continues to be implemented to improve the project's national positioning. 2) Communication Materials: Development and dissemination of 49 social media posts on Facebook, Instagram, LinkedIn, and other platforms, covering the following topics: - MST Practices - Territorial Monitoring - Sustainable Practices - Land Degradation Observatory - NDT Action Plan - Exchange of Experiences - Among others. 3) Communication Campaigns The graphic design and implementation of institutional campaigns that contribute to the implementation and positioning of the Project continues: - Design and implementation of the campaign on biological control in Santa Elena called "Santa Elena Saludable" - Design and implementation of a campaign called “No dañes la tierra” a) Publication of the Podcast in Bolívar: Main challenges in raising awareness about the responsible consumption of healthy foods produced using sustainable land management practices. b) Creation and production of the Podcast in Santa Elena: Importance of sustainable land management practices to strengthen local leadership processes. c) Creation and production of the Podcast in Imbabura: Challenges and progress in the role of rural women in territorial leadership processes and sustainable land management. 4) Associated communication activities: a) Design, layout, and distribution of a digital magazine that chronicles the main milestones of the NDT project in 2025, supported and disseminated through the project's various implementing partners. b) Life Stories: - Women who inspire environmental conservation - Environmental education, a tool for educating about environmental stewardship c) Visits and coverage: - 8 visits and coverage of different project intervention sites d) Graphic design and updating of internal and external point-of-purchase (POP) materials featuring the Government of Ecuador logo. All information generated was published through available digital channels: https://drive.google.com/drive/folders/15xL1R0dymum4uQj011RSiroaiDLdQsIg?usp=drive_link
B95: Implementation Progress (IP) , and Overall Assessment
B97: Please note that the overall IP ratings should be substantiated by evidence and progress reported above. The ratings and comments shoud reflect the overall progress of results during the fiscal year (July 1 2025, to June 30, 2026)
D98: Project Manager/ Coordinator | F98: Lead Technical Officer | H98: Budget Holder | J98: GEF Operational Focal Point (OFP) | L98: GEF Technical Officer (GTO)
B101: FY2026 Implementation Objective rating10 | D101: Satisfactory (S) | F101: Satisfactory (S) | H101: Satisfactory (S) | L101: Satisfactory (S)
B104: Comments/reasons justifying the ratings for FY2026 and any changes (positive or negative) in the ratings since the previous reporting period | D104: In FY2026 the project was able to improve its implementation speed and the investment of funds in on the ground practices. Based on the collaborative arrangements started in previous years, the basis for a robust sustainability strategy has been developed through policy instruments, linkages to private sector stakeholders, and strengthening of local capacities to implement SLM practices. | F104: The Project has successfully consolidated its implementation strategy, and while some activity delays have occurred and corrective measures are being applied, most components are substantially in compliance with the planned operational plan. Furthermore, the project is on track to identify and strengthen strategies to promote the sustainability of the established work processes with participating stakeholders and beneficiaries, demonstrating satisfactory technical productivity. A sound capacity-building process is also evident, particularly in responding to the diverse needs and opportunities of communities in the various implementation sites. However, there is a need to strengthen evidence on how gender and intercultural approaches are being integrated into these processes. The ongoing efforts to systematize lessons learned will allow for a better understanding of these aspects. The Project has consolidated a working network that is already generating information on the state of conservation and restoration of ecosystems and landscapes and the impact of sustainable agricultural practices, which will serve as a basis for scaling up and replicability for other regions of the country. | H104: During the reporting year, the project made substantial progress toward the achievement of its indicators, particularly those related to Sustainable Land Management (SLM) practices, for which the technical and financial analyses are now ready to be finalized. At the local level, the NDT Observatory expanded its network through the integration of new nodes and strategic partnerships with two universities. In addition, a territorial planning course was established in collaboration with CONGOPE and FLACSO, representing a key capacity-building initiative that should be further consolidated during the current year and throughout the project extension period. The completion of the LDN Action Plan through a new consultancy assignment provides a critical foundation for scaling up territorial planning and land management outcomes. As the project moves toward closure, priority attention should be given to consolidating efforts related to the development of new market opportunities and to strengthening the dissemination of project results among diverse stakeholders at both national and local levels | L104: The project is progressing well towards the achievement of its planned activities and outputs. In its fourth year of implementation, it has made significant progress in consolidating Land Degradation Neutrality (LDN) actions at both the national and subnational levels. The project is strengthening national and local capacities while supporting targeted interventions in the project areas in close coordination with beneficiaries and local authorities. It is expected that, during its final year of implementation, the project will successfully complete the planned interventions. To this end, the continued support and commitment of the national authorities will be essential to ensure the successful achievement of the project's objectives.
B121: 9 Variance refers to the difference between the expected and actual progress at the time of reporting. 10 Implementation Progress Rating – A rating of the extent to which the implementation of a project’s components and activities is in compliance with the projects approved implementation plan.

Sheet 4. Summary_Progress & Challenge
B2: 4. Summary on progress and challenges
B3: Please provide a summary paragraph on project implementation progress consistent with the information reported in section 2 and 3 of the PIR (Max 400 words) (This section will be uploaded to the GEF portal)
B5: During FY2026, the LDN Project Ecuador consolidated the implementation of a more integrated approach to avoid, reduce and reverse land degradation processes through demonstrative actions in the intervention sites. Knowledge generation efforts have been sustained in collaboration with research teams of nine universities that currently are part of the National Land Degradation Observatory (ONDT). Ecosystem health data was collected in the paramos of Bolivar, the experiment of dry forest restoration under irrigation in Santa Elena was revisited, as well as the experiment of minimum tillage systems in Imbabura. Opportunities to expand the ONDT network were explored, with progress made in organizing a new territorial node focused on monitoring ecosystem dynamics in Andean montane forests. Along these efforts to strengthen the institutional basis for monitoring land degradation and sustainable land management (SLM) practices, a number of integrated land use planning tools continued to be developed at the national and subnational levels, including the LDN National Action Plan, a plan for landscape restoration for the Imbabura province, and guidelines for sustainable cattle management to be implemented by the local government in Salinas, Bolivar. Additionally, most of the work to implement SLM practices in the intervention sites concluded in FY2026. The main actions included: 1) maintenance and monitoring of cattle exclusion areas in the communities of the highlands of Salinas and in the San Marcos Community, Santa Elena, 2) implementation of farm-level agroforestry and agroecological practices concluded in Cotacachi, Urcuqui, Imbabura, and San Simón, Bolivar, 3) second cycle of biological pest control with entomophagous insects in maize systems in Santa Elena concluded. As the project moves to its closure phase, more emphasis has been given to the linkages between local producers and market actors that have the potential to sustain the adoption and maintenance of SLM practices in the long term. These include a local coffee shop chain that sells herbal infusions using plants from agrobiodiverse farms, and an exporter of high value Panama hats that outsources fiber from sustainably managed landscapes. Overall, the project has built thrust networks with local and national stakeholders to demonstrate the integrative approach needed to address the root causes and impacts of land degradation. A balance between governance and land use planning tools, knowledge generation and market integration has been instrumental to achieve a transition between interest in the LDN approach and participation in the development of the framework needed to work towards its goals at different scales.
B17: Please provide a summary paragraph on challenges of project implementation consistent with the information reported in section 2 and 3 of the PIR (Max 400 words) (This section will be uploaded to the GEF portal)
B19: During FY2026, the main challenges addressed by the LDN Project Ecuador continued to be the persistence of important knowledge gaps related the causes and effects of land degradation, the fragmentation of governance approaches among sectors and scales to address these issues, and the lack of incentives to promote widespread adoption and maintenance of SLM practices. The research network that forms the National Land Degradation Observatory (ONDT) addresses a disconnect among people working in cognate fields and issues related to land degradation, and beyond the formal mechanisms of peer review and scientific publication. This mechanism tries also to improve the formulation and implementation of transdisciplinary research needed to inform policy making and decisions related to land use planning and sustainable land management. The formulation and implementation of land-related public policy instruments still follows sectoral niches and lack adequate mechanisms for communication and coordination between different levels of governance. In FY2026, the LDN Project is working in partnership with local governments to develop tools that foster better coordination between conservation and productive goals. For example, the landscape restoration plan for the Imbabura province will include a coordination mechanism between the environment and agricultural departments to set and monitor common goals in their programs. Finally, indigenous communities and local producers lack adequate support and incentives to maintain SLM practices. The project has consolidated a diverse portfolio of application cases where technical assistance and critical inputs for SLM practices, capacity building, and linkages to market opportunities converge. This is the case of indigenous women producing medicinal herbs for high value niche markets in urban areas, and a women´s association in Santa Elena which processes toquilla fiber tor Panama hat fabrication.
B26: Implementation of Exit Strategy
B28: Has the project developed an Exit Strategy? If yes, please describe the progress to implement it. | F28: A first version of an exit strategy has been developed. The focus of the strategy is to identify mechanisms that promote the permanence of the SLM initiatives promoted by the Project, such as: Strengthening the linkages of producers that implement SLM practices to markets that recognize the added value and positive impacts of such practices. This strategy is exemplified by the agreements to provide better prices for sustainable production of medicinal herbs and toquilla fiber by Gallety (coffeshop chain) and K Dorzfaun (panama hat exporter), respectively. Also, in Salinas (Bolivar province), a technical assistance unit is being created by the local cheese production factory (Producoop) with the goal of providing training in regenerative cattle management, and low impact mechanization services to renew pastures. A second set of sustainability mechanisms is aimed at the incorporation of the SLM approach in governance processes and policy tool development. This includes a provincial plan for landscape restoration in Imbabura, that will promote, among other goals, the continuous implementation of ecological and productive restoration practices in the areas where the project worked in the last years. In Bolivar, the progress made in the implementation of sustainable cattle management in the milk value chain will be linked to a land use resolution of the local government that will help to plan and implement SLM initiatives in the future. Finally, a third set of sustainability tools are aimed at promoting continuous knowledge generation and capacity building processes around the SLM approach and its enabling environment. The research groups belonging to the National Land Degradation Observatory (ONDT) will generate specific research agendas to guide operations in the short to midterm. An online course about integrated land use planning is being developed in collaboration with the Association of Province Governments of Ecuador (CONGOPE) and FLACSO, to foster better integration of productive and environmental goals in land use plans.
B31: How is the project enhancing institutional capacities to foster country ownership for more durable / sustained results? | F31: To foster country ownership, the following strategies are being implemented: As part of the sustainability strategy for the ONDT, the LDN National Action Plan (LDN NAP) will establish a mechanism for supporting contributions of key information generated by the research teams to the relevant monitoring and reporting processes of Ecuador, including the report under the Performance Review and Assessment of Implementation System (PRAIS). Also, as part of the development of the LDN NAP, specific arrangements for the generation of official data regarding land degradation will be developed between MAE and MAG, with other stakeholders potentially included as part of the information needed for complementary national level indicators (e.g. incidence of land degradation disaggregated by gender). Finally, as part of the systematization of lessons learned in the implementation of the LDN project, key messages will be disseminated with key stakeholders, with the aim of motivating further development of public policy tools, investment opportunities, integrated land use planning processes, among other actions.

Sheet 5. ESS Risk
B2: 5. Environmental and Social Safeguards (ESS): risks from the project
B4: Initial ESS Risk Classification (at CEO Endorsement/Approval Stage) | E4: Moderate
B7: New environmental and social risks. | E7: N/A
B15: Progress made towards implementing the Enivronmental and Social Management Plan (ESMP) (only for Moderate and High Risk Projects) | E15: ESS 2: Biodiversity, Ecosystems and Natural Habitats 2.5 - Would this project involve access to genetic resources for their utilization and/or access to traditional knowledge associated with genetic resources that is held by indigenous, local communities and/or farmers? Expected mitigation measures The project will seek to implement practices that consider the neutrality approach to land degradation in various areas of the country, which may include indigenous populations. As part of the activities, pasture and crop management will be carried out, planting native plants and strengthening their value chains. For these activities, the use of native plants will be promoted according to the landscape and area to be intervened, in accordance with national regulations. The development of participatory plans for the implementation of LDN will be supported. The operationalization of the PDOTs in each intervention area aligned with the LDN approach will be supported. Actions taken during this FY In this fiscal year, the project supported a group of 7 indigenous women to form a supply network of medicinal herbs to be used in the production of infusions sold in the Galletti chain of coffee shops in Quito. The network seeks to diversify the economy of these families, while preserving and communicating important local knowledge regarding the beneficial impacts of these plant species. During the finalization phase of the project, it is expected that other interested private actors can be linked to this network. In Barcelona, Santa Elena, an agreement has been prepared with the exporter of Panama hats K Dorzfaun to promote sustainable practices and improved management conditions, linked to better price conditions for the Artisanal Center, run by local women. ESS 3: Plant Genetic Resources for Food and Agriculture 3.2.1 - Would this project involve the importing or transfer of seeds and/or planting materials for cultivation? Expected mitigation measures It will work in coordination with the Ministry of Agriculture and the Provincial Governments who manage the agroecological nurseries in each province. The sowing material must be previously cultivated; in most cases it belongs to the sowing of native agrobiodiversity. The procurement processes are carried out based on FAO standards. The terms of reference are approved by the LTO of the FAO project. Actions taken during this FY The main cycles of implementation of SLM practices that involved tree planting concluded in the first semester of 2026. The project prioritized the use of native tree species, locally sourced, if possible, in the implementation of live fences in Salinas and Cotatachi. Also, locally sourced fruit trees and cultivars have been used in the enrichment of Andean agroforestry systems in Urcuquí, Imbabura, and in demonstrative agroecological farms in Santa Elena. The production of native species to support dry forest restoration started in September 2025, with the inauguration of the tree nursery operated by the government of the Province of Santa Elena with support from the project. 3.4 - Would this project establish or manage planted forests? Expected mitigation measures Support the definition of local instrument plans, such as conservation agreements that promote sustainable forest management. Activities will promote sustainable land management based on the LDN approach. The restoration activities of 4,000 hectares of forests and paramos will be coordinated in conjunction with MAAE and MAG, as well as monitored for greater control. Actions taken during this FY The project does not establish or manage planted forests for commercial or wood production goals. Tree planting is supported in the context of the implementation of live fences (e.g. in cattle ranching farms in Salinas, Bolivar and Mojanda, Pichincha) which serve biodiversity support and wind breaking functions. Native species such as guarango (Caesalpinia spinosa), or aliso (Alnus acuminata), are also used to enrich the tree component of agroecological systems (e.g. in Imbabura and Bolivar) or to restore degraded dry forests (San Marcos community, Santa Elena). ESS 9: Indigenous Peoples and Cultural Heritage 9.2 - Are there indigenous peoples living in the project area where activities will take place? Expected mitigation measures The project's complaint mechanism will be implemented and publicized, which can be activated by project beneficiaries and non-beneficiaries. During the first year of project execution, an FPIC process will be carried out. Actions taken during this FY As the previous fiscal year, the project has maintained close collaboration mechanisms with indigenous groups and local smallholder agriculturalist communities in the intervention sites. The main actions in this FY include: 1) development of an FPIC agreement with the community of Agua Blanca, Manabi, to support dry forest restoration monitoring, 2) development of a resolution to foster regenerative cattle management in Salinas, Bolivar, with the participation of the leadership of the Matiavi-Salinas indigenous community, 3) support to the in-kind credit mechanism and green micro-credit product aimed at the members of the Central Committee of Indigenous Women of Cotacachi. 9.4 - Would this project be located in an area where cultural resources exist? Expected mitigatin measures Hold bilateral meetings in-situ as each indigenous people that will participate in the project activities through a prior approach and signed consensus. Carry out a FPIC process once the communities according to province and parish have been specifically identified for the implementation of the project. Inception workshops will be held in each intervention zone that has indigenous peoples as part of the FPIC process. Actions taken during this FY No substantial physical cultural resources have been identified in the intervention areas.
B23: Grievance Redress Mechanism (GRM) | E23: No grievances have been received using the established procedure during the reporting period. Through the form provided at this link, people can express their suggestions, complaints and/or claims, if any: https://drive.google.com/drive/folders/1alibJfHOKapw5N3_ANhKtwKeTCSGg4Cs?usp=drive_link

Sheet 6. Risks to the Project
B2: 6. Risks to the Project
B4: The following table summarizes risks identified in the Project Document and reflects also any new risks identified during the project implementation.
C7: Type of risk | E7: Risk rating11 | F7: Identified in the ProDoc Y/N | G7: Description of Risk | L7: Mitigation measure implemented
B9: 1 | C9: Environmental | E9: Low | F9: Yes | G9: Extreme weather conditions adversely affect restoration and SLM practices. Accelerated land degradation and biodiversity loss due to severe climate change. | L9: The rainy season between January and April 2026 was strong, and impeded access to the communities of San Marcos and Matapalo, in Santa Elena. Once communication by road was reestablished, planned activities were resumed minimizing the overall impact on the overall strategy of the project in this intervention area.
B13: 2 | C13: Social | E13: Moderate | F13: Yes | G13: Problems in land tenure regularization make it difficult for landowners to access to incentives and other schemes that promote the adoption of SLM practices. | L13: In the context of supporting better management practices for the collection of Tagua (Phytelephas macrocarpa) in the Matapalo community (Santa Elena province), five farm management plans were participatively developed in areas with forest remnants with high conservation value. These plans were subsequently submitted to the Ministry of the Environment and Energy, as part of a land tenure formalization process for the community.
B17: 3 | C17: Social | E17: Moderate | F17: Yes | G17: High migration rates in intervention sites affect the capacity of communities and farmers to adopt SLM practices. | L17: In this fiscal year, the project continued with the implementation of actions that seek to improve livelihoods in the intervention sites, addressing some of the economic drivers of migration. The main strategies implemented include: 1) improving conditions related to land tenure security, such as the case of supporting farm management plans that are part of land tenure formalization in the Matapalo association (Santa Elena province), 2) strengthening capacities for, and supporting the implementation of sustainable land management practices, with multiple goals of improving productivity, mitigating impacts on health (e.g. of excessive use of agrochemicals in maize systems in Santa Elena) and the land resource base (e.g. by implementing soil conservation practices in cattle management systems in Salinas), and 3) promoting linkages to markets that assign value explicitly to products from sustainable systems (e.g. provision of medicinal herbs by a network of indigenous women in Cotacachi, Imbabura).
B21: 4 | C21: Social | E21: High | F21: Yes | G21: Due to the COVID-19 pandemic, local people will avoid attending training spaces for fear of contagion, reducing their participation in project activities, especially the vulnerable population. | L21: The World Health Organization (WHO) declared the end of the COVID-19 pandemic on May 2023. Official biosecurity measures are being monitored and followed.
B25: 5 | C25: Political | E25: Moderate | F25: Yes | G25: Changes in administrations and institutional organizations can affect decision-making, project continuity, as well as the appropriate scaling of experiences and lessons. | L25: In this fiscal year, political instability in the Government of the Province of Chimborazo generated challenges in the implementation of activities to improve the capacity of the tree nursery of the province to increase production of native species for restoration activities. During the first semester of 2026, a close collaboration mechanism with the new technical team of the tree nursery was established, to implement the agreed improvements.
B29: 6 | C29: Political | E29: Moderate | F29: Yes | G29: Low local technical capacity at different work levels leads to delays in the project activities implementation. | L29: In this fiscal year, the development of the integrated land planning course started win collaboration with the association of governments of provinces (CONGOPE by its Spanish acronym) and the Latin American Social Sciences University (FLACSO). The course is aimed at planning technical teams in the province governments, and will cover topics such as the landscape approach, strategic territorial diagnostic, prospective planning, local participation, among other topics.
B33: 7 | C33: Political | E33: Moderate | F33: Yes | G33: National and local development programmes that discourage the adoption of SLM practices in the project’s intervention areas. | L33: Work on 2026FY has focused on aligning policy instruments that promote the adoption of SLM practices at different scales. For example, in Bolivar, the Strategy for Sustainable Agricultural Production of the Province was built upon a previous exercise that generated a macro zoning for SLM, and serve as an umbrella to develop a Local Guideline for Sustainable Cattle Management in the Salinas Local Jurisdiction. Another example is the macro zoning developed for the Imbabura Province, which is now being used to develop a Landscape Restoration Plan for Imbabura, a process that started in the first semester of 2025.
B37: 8 | C37: Economic | E37: Moderate | F37: Yes | G37: Market fluctuations affect profits in the sustainable value chains promoted by the project. | L37: In FY2026, the support to local producers to engage value chains that recognize SLM practices consolidated. A network of indigenous women in Cotacachi implemented plots to provide medicinal herbs for the Galletti coffee shop chain, which operates in Quito. Also, improved registry and accounting processes were implemented in the Barcelona Artisanal Center, as part of an arrangement with the Panama hat exported K Dorzfaun, which seeks to improve income along the value chain. In Salinas, Bolivar, an incentive mechanism to support adoption and permanence of sustainable cattle management practices, is being designed with the local cheese production company.
B41: 9 | C41: Economic | E41: Moderate | F41: Yes | G41: Lack of engagement of the private sector along the selected value chains | L41: Contact and coordination with private actors that started the previous FY continued this year, with progress in the definition of more specific arrangements. For example, in the case of the coffee shop chain Galletti, the private actor has participated in capacity building activities with the network of indigenous women that will provide medicinal herbs, in topics related to organic production, food innocuity, herb solar dissication, among others. The private actor K Dorzfaun is committed to implement a price and procurement strategy that privileges supply of toquilla fiber managed sustainably and with due labor standards. Furthermore, PRODUCOOP, the mature cheese producer in Salinas, Bolivar, is committed to improve the visibility of sustainable cattle and pasture management practices in its chain of milk providers.
B45: 10 | C45: Economic | E45: Moderate | F45: Yes | G45: The impacts of the COVID-19 pandemic can affect the sources of co-finance for the project | L45: Monitoring and due registry of co-finance has continued during FY2026. The most important challenges in this issue are budget cuts and change in normative by the central government in relation to public investments by local governments. The project will continue monitoring cofinance to identify any target that might be compromised by these changes.
B49: 11 | C49: Economic | E49: Moderate | F49: Yes | G49: The COVID-19 pandemic causes an economic downturn that constrains the demand for the products promoted by the project in the identified value chains. | L49: Direct effects of the pandemic have diminished in relation to those related to other dimensions of the current economic and political instability. The activities described in points #8 and #9 above have the main goal of providing a robust support from established market actors to improve the permanence and adoption of sustainable land use practices in the intervention sites.
B53: 12 | C53: Environmental | E53: Substantial | F53: No | G53: Impacts relate to ENSO phenomena in Ecuadorian coast | L53: As of June 2026, NOAA’s Climate Prediction Center published a 63% of probability of a very strong El Niño for the 26/27 winter season. This could represent important operational challenges for the project in the implementation sites. Previsions are being made to finish most of the field operations, other that systematizing lessons learned, before the las quarter of 2026.
B57: 13 | C57: Social | E57: Substantial | F57: No | G57: Deterioration of the context of public security | L57: In FY2026 the context of insecurity continued to be of concern in Ecuador, with conditions especially difficult in the Coastal intervention site. The situation is continuously being monitored to minimize risks to the technical team and on-the-ground allies
B63: Project overall risk rating (Low, Moderate, Substantial or High):
B64: FY2025 rating | C64: FY2026 rating | D64: Comments/reason for the rating for FY2026 and any changes (positive or negative) in the rating since the previous reporting period
B66: Moderate | C66: Moderate | D66: No new risks have been identified in relation to those listed for the previous FY.
B78: 11 Risk ratings means a rating of the overall risk of factors internal or external to the project which may affect implementation or prospects for achieving project objectives. Risk of projects should be rated on the following scale: Low, Moderate, Substantial or High.

Sheet 7. Follow-up on Mid-term review
B2: 7. Follow-up on Mid-term review or supervision mission
B4: If the project had an MTR or a supervision mission in 2025, please report on how the recommendations were implemented during this fiscal year as indicated in the Management Response or in the supervision mission report.
B7: MTR or supervision mission recommendations | F7: Measures implemented during this Fiscal Year
B9: Recommendation 1: For Condesan: Strengthen knowledge management actions framed within the Communications Strategy and the Capacity Building Strategy to enable the systematization of good practices, technological innovations, results, impacts, and lessons learned at the local, provincial, and national levels. It is also necessary to continue developing communication products to disseminate the project's achievements and progress and make them known to both internal and external audiences. | F9: A methodological framework to systematize lessons learned and the impact of SLM practices was developed. The results of the main approaches that contribute to LDN will be identified along: 1) monitoring and applied research, 2) sustainable land governance, 3) SLM practices, and 4) value chains. Complementary, illustrative case studies will be developed in prioritized intervention areas. Communication activities also contributed to improving the visibility of SLM practices and the alliances that have been created with local partners. An important example is the production of two podcast as part of the #NoDañesLaTierra series in Santa Elena and Imbabura.
B11: Recommendation 2: For Condesan: Consolidate the established Monitoring and Evaluation (M&E) System, ensuring its integration into the project's planning and decision-making processes, as well as strengthening the capacities of professionals responsible for the technical and financial reporting mechanisms required by FAO (Factors Affecting Progress/M&E). | F11: The established Monitoring and Evaluation (M&E) System continues to be improved. For example, new reporting formats and procedures were developed to speed up the registry of activities implemented in the intervention sites. Also, financial report mechanism have been improved, to make more visible the registry of accounting details such as the amount of taxes linked to procurement.
B13: Recommendation 3: For Condesan: Bundling (grouping) products and services contracted from organizations and consulting firms in the territories could contribute to improving the cost-effectiveness of actions and accelerating budget execution (Effectiveness/Efficiency). | F13: The implementation of this recommendation continued this FY with several contracts that allowed clustering activities around specific territories and groups of project partners. This is the case of the contract with PASOS in Santa Elena, to implement activities that strengthen the Province System of Conservation and Sustainable Use Areas (SPACUS), in collaboration with the Santa Elena DAG, local communities, and other relevant stakeholders. A similar strategy was developed with FUCAE, a local NGO in the Mojanda Cambugan ACUS, to implement sustainable cattle management and forest conservation activities. In Imbabura, a consultancy firm specialized in community-based environmental education is developing a strategy to support sustainable tourism and forest conservation with local organizations in Imbabura.
B15: Recommendation 4: For Condesan: Strengthen budget and program planning processes to streamline activity and budget execution and ensure continuous cash flow to ensure the project's proper functioning (effectiveness/efficiency). | F15: Budget planning has been streamlined in a process that starts with the identification of on-the-ground operational requirements (e.g. continuation of implementation of SLM practices) in collaboration with project partners. A proposal for budget reform was presented and approved this FY, and this allowed a better balance in investments that promote the permanence of SLM practices in the long term. Cash flow substantially improved this FY, with prompt approval of fund disbursements, with a small period on July 2025 when operations have to be stopped until liquidity was reinstated.
B17: Recommendation 5: For Condesan: Review, with the support of gender, interculturality, and LDN specialists, the scope of the target in Outcome 1.1 related to the gender- and interculturality-sensitive indicators, protocols, and institutional arrangements of the LDN monitoring system. This review should allow for the definition of clear criteria for effectively integrating gender and interculturality variables into the system, recognizing that access to productive resources, capacities, and power differs among women, men, and ethnic groups. | F17: In this FY initial progress was made in the development of a more representative indicator to be reported to the UNCCD. More specifically, information to report SO 2-3 – Trends in the Proportion of Population Exposed to Land Degradation Disaggregated by Sex was collected at the parish scale, with the goal of improving estimations of land degradation and its impacts on women, indigenous groups, and other relevant groups characterized in the National Population Census. The effective report of this indicator will take place in the next FY in the context of the elaboration of the PRAIS4 report.
B19: Recommendation 6: For FAO and CONDESAN: Review the administrative procedures established in the Operational Manual, identifying those that the parties consider subject to simplification, with the goal of implementing improvements that streamline the technical and administrative management of the project. At the same time, strengthen the management capacities of the FAO and CONDESAN teams to reduce delays in the delivery and review of technical and financial reports (Efficiency). | F19: Continuous communication between FAO and Condesan´s administrative and technical teams has taken place to identify and manage bottlenecks in the report, validation and follow-up cycles. Formats used to document procurement of goods related to work processes in the intervention sites have been reviewed to speed up technical validation. Review and validation of TOR for consultants has also sped up. This has translated into an improved rate of investment for this FY in comparison to the previous year.
B21: Recommendation 7: For FAO, CONDESAN, MAATE, and MAG Structurally integrate the project's instruments and approaches, including the National Observatory on Land Degradation (ONDT), into national, provincial, and local development plans and policies, complemented by resource mobilization and institutional strengthening strategies at different scales (Sustainability). | F21: Integration of ONDT operation in specific policy making processes at different scales continued this FY. For example, in Bolivar, a study of hydrologically important areas was implemented by research teams based in the National University (UNACH) and Polythecnic Universities of Chimborazo, which will also monitor soil, vegetation and water parameters in this area. This study has been integrated in the management plan for the Paramos de Bolivar Conservation and Sustainable Use Area. Also, specific mechanisms are being identified to link ONDT in the National LDN Action Plan.
B22: Recommendation 8: For FAO, CONDESAN, MAATE, and MAG Evaluate the possibility of requesting a project extension, at no additional cost, for a period of six to twelve months. This extension would allow for the consolidation of the technical and territorial processes initiated, systematize and package the main results and good practices, and strengthen the conditions for institutional ownership and the integration of the LDN approach into public policies. To manage this extension, it is recommended as a first step to review and adjust the current budget structure to ensure the continuity and consolidation of the ongoing technical and territorial processes. This adjustment should prioritize the allocation of resources to strategic activities such as technical assistance, capacity building, and the operation of the ONDT. It is also essential to analyze actual expenses incurred in relation to the original results-based budget, so as to demonstrate that available resources are sufficient to complete the activities without deviating from the project's objective. Budget planning should be accompanied by detailed and realistic activity planning (effectiveness/efficiency/sustainability). | F22: In the second semester of 2025 the application process for no-cost project extension started. The proposal was sent in the first months of 2026 and considers an extension of 12 months between September 2025 and august 2026. The proposal was validated and approved in the sixth Directive Committee, in April 2026.

Sheet 8. Minor project amendments
B2: 8. Minor project amendments
B4: Minor amendments are changes to the design or implementation that do not have significant impact on the project objectives or scope, or an increase of the GEF project financing up to 5% as described in Annex 9 of the GEF Project and Program Cycle Policy Guidelines 12. Please describe any minor changes that the project has made under the relevant category or categories and provide supporting documents as an annex to this report if available. (This section will be uploaded to the GEF Portal)
B9: Category of change | D9: Provide a description of the change | I9: Indicate the timing of the change | J9: Approved by
B12: Results framework
B14: Components and cost
B16: Institutional and implementation arrangements
B19: Financial management | D19: During the Midterm Evaluation, the need arose to extend the project's timeframe in order to properly complete the implementation of on-the-ground actions, promoting closure and sustainability activities, as well as the development of knowledge management products, including the systematization of the project. Therefore, a timeframe extension strategy was developed, including a budget amendment for an additional year beyond the initial project design period. | I19: January 2026 - August 2027 | J19: This proposal was approved by the project's Steering Committee in April 2026. It must be validated by FAO headquarters in Rome.
B21: Implementation schedule | D21: - The national strike led by the Confederation of Indigenous Peoples of Ecuador (CONAIE) in September and October 2025 affected normal operations, especially in the Northern Andean province of Imbabura. - The rainy season Between January and March 2026 was stronger than usual, especially in the Coast of Ecuador. Road access was lost to the intervention sites in the communities of San Marcos and Matapalo, in - Santa Elena, delaying the implementation of monitoring and capacity building strategies. - Differences in the visions regarding the scope of the LDN National Action Plan and the methodology to structure it, led to a mutual agreement to end the consultancy process in October 2025. The identification of a new consulting team to develop the LDN National Action Plan took longer than expected. The new team was identified in May 2026 and will initiate operations in June 2026. - The development of the San Marcos and Dos Mangas management plans was delayed, and the consultancy team at CODESPA decided to rescind the contract by mutual agreement in June 2026. Work will resume in the second semester of 2026. | I21: second semester of 2026
B23: Executing Entity
B25: Executing Entity Category
B27: Minor project objective change
B29: Safeguards
B31: Risk analysis | D31: No new risks were identified during this period; however, the risk identified in the previous period related to public insecurity at the national level remains.
B33: Increase of GEF project financing up to 5%
B36: Co-financing
B38: Location of project activity
B40: Other minor project amendment (define)
B49: 12 GEF Council meeting documents, guidelines, project and program cycle policy 2020 update

Sheet 9. Stakeholders' Engagement
C2: 9. Stakeholders' Engagement
C4: Please report on progress, challeges, and outcomes on stakeholder engagement (based on the description of the Stakeholder Engagement Plan) included at CEO Endorsement/Approval during this reporting period. (This section will be uploaded to the GEF Portal)
C8: Profile | E8: Stakeholder name | G8: Type of partnership | H8: Progress, results & Challenges on Stakeholder's Engagement
C9: Government Institutions | E9: Ministry of Environment, Water and Ecological Transition (MAATE) | G9: Main focal point of the Project. Continuous communication and validation of the progress in implementation. | H9: In the second semester of 2025, the Ministry of Environment and the Ministry of Energy were combined in a single institution. This generated substantial changes in the technical team of the newly formed Ministry of Environment and Energy (MAE by its Spanish acronym). A few delays occurred as the project re-established operational mechanisms for follow-up and coordination.
C10: Government Institutions | E10: Ministry of Agriculture and Cattle Management (MAG) | G10: Main technical and political partner | H10: Communication, coordination and follow-up procedures by the technical team in the Ministry continued normally in this FY.
C11: IGOs | E11: Food and Agriculture Organization of the United Nations (FAO) | G11: Implementing Agency | H11: Follow-up and technical support from FAO has continued normally during this FY. Delays in the disbursement of funds caused an operational pause in July 2025.
C12: Government Institutions | E12: Decentralized Autonomous Government (DAG) of Imbabura | G12: Partner | H12: A collaborative process with this DAG started in the first semester of 2025 to update the Landscape Restoration Plan for the Province. This policy tool builds upon the macro-zoning developed the previous FY.
C13: Government Institutions | E13: DAG of Bolivar | G13: Partner | H13: Collaborative work with this DAG continued, as part of the technical support for the development of the management plan for the Conservation and Sustainable Use Area Paramos de Bolivar. Also, SLM practices were implemented collaboratively to support diversification of agroforestry systems in the San Simon Parish.
C14: Government Institutions | E14: DAG of Santa Elena | G14: Partner | H14: Work with Santa Elena DAG included the development of guidelines to sustain environmental conflicts reports, and monitoring natural capital in the local system of Conservation and Sustainable Use Areas. In September 2025, the agroecological innovation center administered by the DAG was inaugurated, which includes a tree nursery for dry forest species and a laboratory for entomophagous insects.
C15: Government Institutions | E15: DAG of Chimborazo | G15: Partner | H15: The Chimborazo DAG suffered important internal political instability in the second semester of 2025. This caused delays in the implementation of agreed upon activities to improve the production capacity of the tree nursery used by the DAG in restoration initiatives. Work resumed in the first semester of 2026, with the new technical team inside the DAG.
C16: Government Institutions | E16: Tungurahua Fund for Paramo Conservation and Fight Against Poverty (FPTLP) | G16: Partner | H16: Work with the FPTLP concluded the previous FY with the development of guidelines to update paramo conservation plans.
C17: Government Institutions | E17: Association of Municipalities of Southwestern Tungurahua (FSO) | G17: Partner | H17: This FY the paramo conservation plan for the municipalities of Mocha, Quero, Tisaleo, and Cevallos was concluded.
C18: NGOs | E18: Ecuadorian Fund Populorum Progressio (FEPP) | G18: Partner | H18: In alliance with FEPP, implementation of sustainable cattle management pratices in the Simiatug parish concluded this FY.
C19: NGOs | E19: Foundation of Local Organizations of Salinas (FUNORSAL) | G19: Partner | H19: A diagnostic of the linkages between ecosystem care, health and nutrition practices was developed in collaboration with FUNORSAL and the de Waal Foundation. A set of locally prioritized micro projects received seed funding from de Waal, as part of the strengthening of local capacities.
... C31: Others | E31: Communities of the highlands of Salinas and Simiatug, Bolivar: Pachancho, Yurak Usha, Natawa, Yakubiana, Verdepamba, Pimbalo | G31: Partner | H31: The implementation of a fence to exclude cattle grazing from paramo areas is almost complete by the end of this FY. This initiative was implemented in close collaboration with the local cabildos, with the support of community members in the installation of the fence.

Sheet 10. Gender Mainstreaming
B2: 10. Gender Mainstreaming
B4: Information on Progress on Gender-responsive measures as documented at CEO Endorsement/Approval in the gender action plan or equivalent (when applicable) during this reporting period. (This section will be uploaded to the GEF Portal)
B6: Category | E6: Yes/No | F6: Briefly describe progress and results achieved during this reporting period.
B8: a. Closing gender gaps in access to and control overal natural resources | E8: Yes | F8: In YF2026 the project consolidated strategies that promote equal access to opportunities and benefits arising from the implementation SLM practices in the intervention sites, for men, women and young adults. The following mechanism illustrate this approach: - Strengthen capacities of rural women to participate effectively in the implementation and monitoring of SLM practices. In Santa Elena, the Artisanal Center led by local women is implementing improved accounting standards and a local commission to monitor the quality of sustainably managed toquilla fiber. In Cotacachi, a network of 10 women participated in training to organically produce medicinal herbs. In Salinas de Bolivar, approximately 25% of the farms where SLM practices have been implemented are actively led by women. - Complementary actions have been implemented that focus on specific challenges that rural women face in improving their livelihoods. For example, in Salinas, an alliance with deWaal Foundation allowed a better characterization of linkages between good nutrition practices, ecosystem function care, and family health among women in the communities in the paramo. Also, through the podcast series #NoDañesLaTierra, the key leadership roles of rural women in the three intervention sites have been communicated to a wider audience.
B12: b. Improving women's participation and decision making | E12: Yes | F12: The implementation of the capacity building strategy of the project has been instrumental in the empowerment of women in different aspects of the adoption of an SLM approach. This is illustrated by: - Participation of women in capacity building activities that support the implementation of SLM practices has been substantial. From a total of 415 participations in capacitation events, 193 corresponded to women and 222 to men. - Likewise, from a total of 59 participations in events aimed at improving the linkages of local producers to markets that value SLM practices, 44 corresponded to women, and 15 to men. - In the context of participation in the National Land Degradation Observatory, an imbalance is still observed. This mirrors structural challenges that women still face in Ecuador related to representation in STEM careers. From a total of 98 participations, 23 corresponded to women, and 75 to men.
B16: c. generating socio-economic benefits or services for women | E16: Yes | F16: Women´s effective participation in the collaborative arrangements with actors from the private sector has been key to promote a better distribution of socio-economic benefits. In Santa Elena, the long term leadership of the Barcelona Artisanal Center has allowed a more equitable perspective in relation to how the benefits of toquilla fiber processing are distributed within local families. Likewise, working with indigenous women in Cotacachi, and campesino women in the Vida Verde Association in Urcuquí is an important entry point to secure a more equitable distribution of the income of the SLM practices they are implementing in their Andean chakras and farms.
B20: Any other good practices on gender | E20: No

Sheet 11. Knowledge Management
B2: 11. Knowledge and Learning Activities
B4: Knowledge activities/products (when applicable), as outlined in Knowledge Management (and Learning) Approach approved at CEO Endorsement/Approval, during this reporting period. (This section will be uploaded to the GEF Portal)
B6: Knowledge management and Learning (KML): Does the project have a KML strategy? | E6: Yes
B8: If YES, what is the implementation progress? In your answer, please describe how the project is fostering knowledge sharing and learning among stakeholders at national and sub-national level. | E8: During this period, the development of the Knowledge Management Strategy continues, based on the proposed products. Currently, progress has been made in planning the systematization of the project, the participatory impact assessment of MST practices and value chains, as well as inputs at the national level: an infographic with degradation maps linking variables such as poverty; and inputs at the subnational level such as the Sustainable Livestock Guidelines for the Salinas parish in Bolívar, the Executive Summary of the Sustainable Production Strategy for the province of Bolivar, and the Study of areas of hydrological importance in Bolivar. In the development of these products, the project works jointly and participatively with the actors in the territory in the collection of data, feedback and validation of these inputs, considering that part of these correspond to local planning and management tools.
B10: If NO, how does the project identify, collect and document good practices?
B14: Please list good practices, including key-technical and/or institutional innovations, from the project thus far. | E14: In addition to the technical and institutional innovations presented in the previous report, the following were recorded during this period: - Implementation of sustainable management practices such as orchards that include a circular agroecological cultivation design, which helps optimize space, facilitates irrigation, and allows for soil moisture retention. - Design of a management system within the milk and cheese value chain in the Salinas parish - Bolívar, which integrates the development of an incentive for the application of sustainable management practices in livestock production, a service center that provides technical assistance on Sustainable Management Practices (SMP) to agricultural producers with an emphasis on sustainable production, and a sales point where the work carried out in the area is showcased and products with SMP are offered. This entire process was coordinated jointly with local stakeholders linked to the value chain. - The development of Guidelines for sustainable livestock farming began within the framework of the Sustainable Livestock Ordinance for the Salinas parish in Bolívar, which will provide the basis for what it means to develop livestock farming practices in high Andean ecosystems considering environmental and social sustainability criteria.
B20: Communication strategy: Does the project have a communication strategy? | E20: Yes
B23: Please provide a brief overview of the communications successes and challenges this fiscal year. | E23: The following are some of the key activities developed as part of the Communication Strategy: - Development of three podcasts as a territorial engagement strategy within the #NoDañesLaTierra (Don't Harm the Earth) Campaign, with the participation of key stakeholders in sustainable production at the project's three intervention sites. These podcasts covered the following topics: - Salinas de Guaranda – Bolívar – Central Highlands: Main challenges in raising awareness about the responsible consumption of healthy foods produced using sustainable land management practices, the conservation of natural ecosystems, and the restoration of ecosystem services to prevent, reduce, and reverse land degradation in Bolívar. - Barcelona Commune – Santa Elena – Coast: Importance of sustainable land management practices to strengthen local leadership processes, with an emphasis on the Handicraft Center that processes toquilla straw fiber, a key process for the women of the commune. - Cotacachi – Imbabura – Northern Highlands: Challenges and progress in the role of rural women in territorial leadership processes and sustainable land management. - Design, layout, and distribution of a digital magazine that chronicles the main milestones of the NDT project in 2025, supported and disseminated through the project's various implementing partners. In the last period, the Communications department has covered different project activities to promote it through the project's and Condesan's digital channels. The publications can be reviewed at this link: https://docs.google.com/spreadsheets/d/1K11GeUwB4jnqgSq4zcFSG790Da0wdKiO/edit?usp=drive_link&ouid=108408616092853663657&rtpof=true&sd=true
B29: Human-interest story: Please share a human-interest story from your project, focusing on how the project has helped to improve people's livelihoods while contributing to achieving the expected Global Environmental Benefits. Please indicate any Socio-economic Co-benefits that were generated by the project. Include at least one beneficiary quote and perspective, and please also include related photos and photo credits. | E29: Within the framework of podcast development in the project's three intervention sites—Coast, Central Highlands, and Northern Highlands—we were able to learn about the life stories of beneficiaries and key stakeholders involved in the MST (Massive Land Use) actions implemented by the project. These individuals played a crucial role in the project's conception and implementation, within a broader context of governance and territorial dynamics. This podcast testifies to how these actions have contributed to a shift in perspectives on traditional production and quality of life, as well as the challenges being faced for its implementation and sustainability. It is important to mention the role of gender in the project's development and the significant challenges women have faced in spaces of participation and power, which have traditionally been dominated by men. The stories presented can be viewed at the following links: 1) Bolívar Podcast: https://www.youtube.com/watch?v=9ItygesiNFw a. Marina Hervás: Producer from the San Simón parish, Guaranda. b. Father Antonio Polo: Community Manager of the Salinas Parish. c. Ángel Bayas: Livestock Producer of the Salinas Parish. d. Tatiana Dávila: Technician for the Bolívar Prefecture. 2) Santa Elena Podcast: https://www.youtube.com/watch?v=xxNb29_MIcA a. Catalina Bacilio: President of the Barcelona Artisan Center, Barcelona Commune. b. Juan Prudente: Leader of the Barcelona Commune. c. Gabriel Finkelsztein: Manager of the Dorfzaun Company. d. Bertha Carpio: Director of the Environment for the Santa Elena Prefecture. 3) Imbabura Podcast: To be published in the second half of 2026. a. Emérita Quinatoa: Guarango Producer and Leader of the Vida Verde Cooperative in Urcuquí. b. Rosita Cachiguango: Agroecological producer with the Central Committee of Women of UNORCAC in Cotacachi. c. Enna Escobar: Executive Director of the Galleti company. d. Dora Cuamacas: Head of the Natural Heritage Unit of the Imbabura Prefecture.
B43: Please provide links to related website, social media account | E43: During this period, the following progress has been made: - Update of the Land Degradation Observatory website: https://ondt-ec.org/ - The Communications Department's publications have covered the project's various activities for promotion through the project's and Condesan's digital channels. These publications can be accessed at this link: https://docs.google.com/spreadsheets/d/1K11GeUwB4jnqgSq4zcFSG790Da0wdKiO/edit?usp=drive_link&ouid=108408616092853663657&rtpof=true&sd=true
B47: Please provide a list of publications, leaflets, video materials, newsletters, or other communications assets publised on the web, if any. | E47: All information generated was published through available digital channels: https://drive.google.com/drive/folders/15xL1R0dymum4uQj011RSiroaiDLdQsIg?usp=drive_link
B51: Please indicate the Communication and/or knowledge management focal point's name and contact detais. | E51: Giovanny Cevallos fabricio.cevallos@condesan.org

Sheet 12. Indigenous & Local Involve.
B2: 12. Indigenous Peoples and Local Communites Involvement
B4: Are Indigenous Peoples and local communities involved in the project (as per the approved Project Document)? If yes, please briefly explain.
B6: If applicable, please describe the process and current status of on-going/completed, legitimate consultations to obtain Free, Prior and Informed Consent (FPIC) with the indigenous communities. Work under the existing FPIC agreements continued in FY2026 in the context of the activities validated with the indigenous communities in the intervention sites. The main progress made in each case include: - Central Committee of Women of the Union of Peasant and Indigenous Organizations of Cotacachi (CCMU): Consolidation of a local network of providers of medicinal herbs, articulation of microcredit instrument by Santa Anita Cooperative and CCMU savings box. - Pachancho community (Salinas): the implementation of a fence to exclude cattle from paramo areas was concluded. - Natawa Community: FPIC formalized to support implementation of an experiment to restore degraded paramo and monitor local weather conditions through the installation of a meteorological station. - Yurak-Uksha Community: FPIC formalized for the implementation of conservation / restoration paramo area through fencing to exclude cattle. Additional FPIC agreements were developed in: - Verdepamba community (Salinas Parish): Support the implementation and maintenance of fencing for paramo conservation / restoration. - Pimbalo (Simiatug Parish) and Yakubiana (Salinas): formalize work in sustainable cattle management, and the operation of a community-based tree nursery in Pimbalo. - Agua Blanca Community (Manabi Province): implementation of a dry forest restoration monitoring scheme. In the second semester of 2026, a CLPI agreement will be signed with the community of Matapalo (Santa Elena Province) to support the implementation of a field school about sustainable tagua nut management (Phytelephas aequatorialis). The supporting documents for the FPICs can be reviewed at the following link: https://drive.google.com/drive/folders/1FiZusWuJ8Auz0lY1BaGOoXoc3mVbXUIZ?usp=drive_link Do indigenous peoples and/or local communities have an active partcipation in the project activities? If yes, briefly describe how. Indigenous and local communities have been actively involved since the beginning of operations in the intervention sites through activities that include: - Identification and prioritization of SLM practices and participant families in the context of the elaboration of farm and community plans. - Capacity building for SLM implementation, improvement of management processes (e.g. accounting system in Barcelona Artisanal Center), strengthening of local financial mechanisms (e.g. local savings box in CCMU, Cotacachi) - Collaborative implementation of SLM practices. - Participation in commercial alliances with actors of the private sector to sustain the improved production practices.

Sheet 13. Co-Financing Table
B2: 13. Co-Financing Table
B4: Sources of Co-financing | D4: Name of Co-financer | I4: Type of Co-financing | K4: Amount Confirmed at CEO endorsement/approval (in USD) | N4: Actual Amount Materialized at 30 June 2026 (in USD)*
B6: Recipient Country Government | D6: Ministry of the Environment, Water and Ecological Transition (national government) | I6: In-kind | K6: 4545914 | N6: 3283505.8
B7: Recipient Country Government | D7: Ministry of Agriculture and Livestock (national government) | I7: In-kind | K7: 18612692 | N7: 19091476
B8: Recipient Country Government | D8: Ministry of Agriculture and Livestock (national government) | I8: Grant | K8: 46111
B9: GEF Agency | D9: FAO | I9: In-kind | K9: 3125000 | N9: 2720459
B10: GEF Agency | D10: FAO | I10: Grant | K10: 50000 | N10: 10000
B11: Recipient Country Government | D11: REM Program (National government) | I11: In-kind | K11: 1000000
B12: Donor Agency | D12: GIZ | I12: In-kind | K12: 300000 | N12: 300000
B13: Recipient Country Government | D13: GADP Manabí (Decentralized Autonomous Government) | I13: In-kind | K13: 77070 | N13: -
B14: Recipient Country Government | D14: GADP Chimborazo (Decentralized Autonomous Government) | I14: In-kind | K14: 100000 | N14: -
B15: Recipient Country Government | D15: GADP Bolivar (Decentralized Autonomous Government) | I15: In-kind | N15: 164548
B16: Recipient Country Government | D16: GADP Imbabura (Decentralized Autonomous Government) | I16: In-kind | K16: 200000 | N16: 299163.8
B17: Recipient Country Government | D17: GADP Santa Elena (Decentralized Autonomous Government) | I17: In-kind | N17: 756330.56
B18: Civil Society Organization | D18: CONDESAN | I18: In-kind | K18: 67852 | N18: 69318
B19: Civil Society Organization | D19: CONDESAN | I19: Grant | K19: 204148 | N19: 215425
B21: Total | I21: Total | K21: =SUM(K6:K19) -> 28328787 | N21: =SUM(N6:N19) -> 26910227
B22: *Note: In cases where information on co-financing contributions during this period from the Ministry of Environment and Energy (MAE), the Ministry of Agriculture, Livestock and Fisheries (MAGP) and the Provincial Government of Imbabura has not yet been provided, it will be integrated soon.
B24: Please explain any significant changes in project co-financing since CEO Endorsement/Approval, or differences between the pledged and materialized co-financing amounts.
B28: GEF CoFinancing Guidelines 2018

Sheet 14. GEO Location
B2: 14. Geo Location Information
B4: This section should be completed ONLY by projects with 1st PIR and in case the geographic coverage of project activities has changed since last reporting period. This information is required by GEF Secretariat in GEF Portal
B6: Are there any changes in the geographic coverage of the project activities since the last PIR report? | K6: No
B9: Location Name | E9: Latitude | G9: Longitude | I9: Geo Name ID | L9: Location & Activity Description*
